 Dungeon Crawl Stone Soup version 0.25.0-9-g26727b657a (webtiles) character file.

Game seed: 4246196234365118391

259649 lepoulpe303 the Corrupter of Planes (level 19, 0/146 HPs)
             Began as a Demonspawn Abyssal Knight on June 18, 2020.
             Was the Champion of Lugonu.
             Slain by a tengu reaver
             ... wielding a +0 halberd
             ... led by Sojobo
              (17 damage)
             ... on level 3 of the Vaults on June 19, 2020.
             The game lasted 03:47:20 (44368 turns).

lepoulpe303 the Corrupter of Planes (DsAK)         Turns: 44368, Time: 03:47:21

Health: 0/146      AC: 41    Str: 24    XL:     19   Next: 15%
Magic:  0/32       EV: 12    Int: 18    God:    Lugonu [******]
Gold:   2597       SH: 27    Dex: 17    Spells: 18/18 levels left

rFire    . . .     SeeInvis .   a - +1 demon blade (vamp)
rCold    + . .     Gourm    .   Z - +1 tower shield {rC+} {rC+}
rNeg     . . .     Faith    .   s - +6 plate armour
rPois    +         Spirit   +   T - +0 helmet "Zuqex" {+Inv MR+ rCorr}
rElec    .         Reflect  +   M - +1 cloak
rCorr    +         Harm     .   F - +0 pair of gloves
MR       ++...                  U - +0 pair of boots
Stlth    ..........             p - amulet "Icluz" {Reflect Str+4 Int+3 Dex+5 SH+5}
HPRegen  0.34/turn              c - +4 ring of protection
MPRegen  0.23/turn              P - ring of poison resistance

@: mighty, sanguine armour, very slightly contaminated, invisible
A: talons 2, powered by death 3, augmentation 1, magic shield, sanguine armour 2
}: 2/15 runes: barnacled, gossamer
a: Depart the Abyss, Bend Space, Banish, Corrupt, Enter the Abyss, Brand Weapon
With Distortion, Renounce Religion


You were on level 3 of the Vaults.
You worshipped Lugonu.
Lugonu was exalted by your worship.
You were not hungry.

You visited 6 branches of the dungeon, and saw 34 of its levels.
You visited the Abyss 1 time.
You also visited: Ice Cave.

You collected 4271 gold pieces.
You spent 1674 gold pieces at shops.

Inventory:

Hand Weapons
 a - a +1 vampiric demon blade (weapon)
 u - a +2 scimitar of flaming
Missiles
 m - 5 throwing nets {=f}
 o - 7 silver javelins
 r - 10 boomerangs of dispersal {=f}
 A - 42 boomerangs (quivered)
 E - 7 silver boomerangs
 H - 46 javelins
Armour
 s - a +6 plate armour (worn)
 C - +1 ice dragon scales
 F - a +0 pair of gloves (worn)
 M - a +1 cloak (worn)
 N - a +2 plate armour of fire resistance {rF+}
 T - the +0 helmet "Zuqex" (worn) {+Inv MR+ rCorr}
   (You found it on level 4 of the Lair of Beasts)

   It affects your resistance to hostile enchantments.
   It lets you turn invisible.
   It provides partial protection from all sources of acid and corrosion.
 U - a +0 pair of boots (worn)
 Z - a +1 tower shield of cold resistance (worn) {rC+}
Jewellery
 c - a +4 ring of protection (left hand)
 p - the amulet "Icluz" (around neck) {Reflect Str+4 Int+3 Dex+5 SH+5}
   (You acquired it on level 12 of the Dungeon)

   [amulet of reflection]

   It shields you and reflects attacks.
   It affects your strength (+4).
   It affects your intelligence (+3).
   It affects your dexterity (+5).
   It affects your SH (+5).
 P - a ring of poison resistance (right hand)
Wands
 n - a wand of iceblast (5)
 v - a wand of disintegration (4)
 x - a wand of acid (10)
 D - a wand of digging (12)
 K - a wand of paralysis (10)
 O - a wand of flame (41)
Scrolls
 b - a scroll of silence
 f - 2 scrolls of fog
 g - 6 scrolls of fear
 i - 7 scrolls of identify
 t - 4 scrolls of teleportation
 w - 13 scrolls of remove curse
 z - 6 scrolls of magic mapping {!r}
 B - 8 scrolls of blinking {!r}
Potions
 d - 5 potions of might
 h - 4 potions of haste
 j - 3 potions of invisibility
 k - 4 potions of ambrosia
 l - a potion of heal wounds
 q - 8 potions of curing
 G - 3 potions of stabbing
 J - 5 potions of flight
 L - 6 potions of lignification {!q}
 S - a potion of cancellation
 V - 2 potions of berserk rage {!q}
 X - 2 potions of resistance
Miscellaneous
 y - a lightning rod (4/4)
 Q - a tin of tremorstones (inert)
 R - a phial of floods (inert)
Comestibles
 e - 36 rations
 I - 4 chunks of flesh


   Skills:
 + Level 12.2 Fighting
 - Level 14.0 Long Blades
 + Level 5.8 Throwing
 + Level 11.1 Armour
 + Level 11.0 Dodging
 * Level 14.8 Shields
 * Level 18.7 Invocations
 + Level 10.2 Evocations


You had 18 spell levels left.
You didn't know any spells.
Your spell library contained the following spells:

 Spells                   Type           Power        Failure   Level  Hunger
 Corona                   Hex            #......      100%        1    ##.....
 Foxfire                  Conj/Fire      #...         100%        1    ##.....
 Magic Dart               Conj           #...         100%        1    ##.....
 Shock                    Conj/Air       #...         100%        1    ##.....
 Sting                    Tmut/Pois      #...         100%        1    ##.....
 Blink                    Tloc           N/A          100%        2    ###....
 Call Imp                 Summ           #.......     100%        2    ###....
 Ensorcelled Hibernation  Hex/Ice        #.....       100%        2    ###....
 Poisonous Vapours        Pois/Air       #.....       100%        2    ###....
 Slow                     Hex            #.......     100%        2    ###....
 Sublimation of Blood     Necr           #.........   100%        2    ###....
 Swiftness                Chrm/Air       #.......     100%        2    ###....
 Confusing Touch          Hex            #.......     100%        3    ####...
 Conjure Flame            Conj/Fire      #.......     100%        3    ####...
 Dazzling Flash           Conj/Hex       #.....       100%        3    ####...
 Ignite Poison            Fire/Tmut/Pois #.......     100%        3    ####...
 Inner Flame              Hex/Fire       #.......     100%        3    ####...
 Mephitic Cloud           Conj/Pois/Air  #.......     100%        3    ####...
 Static Discharge         Conj/Air       #.......     100%        3    ####...
 Tukima's Dance           Hex            #.......     100%        3    ####...
 Airstrike                Air            #.........   100%        4    #####..
 Olgreb's Toxic Radiance  Pois           #.......     100%        4    #####..
 Petrify                  Tmut/Erth      #.......     100%        4    #####..
 Sticky Flame             Conj/Fire      #.......     100%        4    #####..
 Alistair's Intoxication  Tmut/Pois      #.......     100%        5    ######.
 Fireball                 Conj/Fire      #.........   100%        5    ######.
 Irradiate                Conj/Tmut      #.........   100%        5    ######.
 Lightning Bolt           Conj/Air       #.........   100%        5    ######.
 Eringya's Noxious Bog    Tmut/Pois      #.........   100%        6    #######


Dungeon Overview and Level Annotations

Branches:
Dungeon (15/15)            Temple (0/1) D:7            Lair (6/6) D:11
 Shoals (4/4) Lair:4       Spider (4/4) Lair:3        Slime (0/5) Lair:6
    Orc (2/2) D:12            Elf (0/3) Orc:2        Vaults (3/5) D:13
  Crypt (0/3) Vaults:2     Depths (0/5) D:15          IceCv (visited)

Altars:
Gozag
Qazlal
Sif Muna
Trog
Uskayaw
Beogh
Jiyva

Shops:
D:7 [   D:8 *   Orc:2 !(%*   Shoals:1 %   Shoals:2 }   Shoals:4 *   Vaults:3 *

Portals:
Abyss: Spider:4

Annotations:
Lair:1 2 transporters, Ceckukk's ghost, journeyman GrEE
Shoals:4 corrupted
Spider:4 1 transporter, Enish's ghost, adept MiBe
Vaults:3 3 runed translucent doors, exclusion: obsidian statue, Sojobo; royokou's ghost, veteran MiFi
Abyss:1 Donald; Mara; Urug


Innate Abilities, Weirdness & Mutations

You have razor-sharp toenails.
You regenerate a lot of health from kills.
Your magical and physical power is slightly enhanced at high health.
When hurt, damage is shared between your health and your magic reserves.
When seriously injured, your bleeding wounds create thick armour. (AC +9)


Message History

The tengu reaver pecks you but does no damage.
The tengu reaver barely misses you.
You take 21 damage, and have 16/146 hp.
You now have 2/32 mp.
You fade into invisibility!
You are very lightly contaminated with residual magic.
* * * LOW MAGIC WARNING * * *
You feel somewhat more hungry. You block Sojobo's attack.
Sojobo completely misses you. Sojobo claws you but does no damage.
You block the tengu reaver's attack.
You now have 0/32 mp.
Okay, then.
You feel better.
The tengu reaver hits you with a +0 war axe!
* * * LOW HITPOINT WARNING * * *
You block the tengu reaver's attack. x2; You block Sojobo's attack.
Sojobo pecks you.
* * * LOW HITPOINT WARNING * * *
Sojobo claws you but does no damage.
The tengu reaver hits you from afar with a +0 halberd!
You die...

#.....
################.....
#..............#.....
#......*.......'.....
#...*.>........#.....
#...Q..........#.....
#)..@.Q........#.....
#...Q...≈≈≈..†.'.....
################.....
####'# ##.. ##...
##.... #....( ##....


You could see Sojobo (repels missiles, corroded, waterlogged), 2 tengu reavers
and 2 battlespheres.

Levels and vault maps discovered:
D:1:      dpeg_arrival_shrine, layout_basic, grunt_decor_mini_mirrors,
          chequers_arboretum, minmay_misc_feat_encased
D:2:      layout_loops_corners, lemuel_crystal_altar, first_ration,
          hangedman_decor_lopped
D:3:      layout_rooms, lemuel_blue_sif_altar, uniq_robin, uniq_terence
D:4:      layout_loops_ring, uniq_edmund, uniq_pikel
D:5:      layout_basic, minmay_misc_feat_rugged
D:6:      layout_basic, serial_bayou_pond_d
D:7:      layout_cave_pools, minmay_temple_entry_mist, serial_shops,
          nicolae_shop_window_shopping
D:8:      layout_rooms, serial_shops, nicolae_shop_behind_doors,
          ebering_ghost_gozag
D:9:      layout_small_grid, trog_three_pillars_becter
D:10:     layout_basic, david_nohive_1, minivault_22, uniq_psyche
D:11:     layout_loops_ring, due_lair_maze_entry_diamond, special_room
          [special_room_orc]
D:12:     layout_cave_pools, kennysheep_orc_monster_closet_entryway,
          portal_ice_cave_entry_ice_beasts, minmay_three_doors, uniq_kirke,
          uniq_sonja
D:13:     layout_basic, david_vaults_1, uniq_urug
D:14:     layout_stronghold, basic_altar
D:15:     grunt_enter_depths_giant_problem, layout_gridville, dk_noncrumbling_3
Lair:1:   layout_loops_ring, gammafunk_ghost_arena, minmay_holes,
          chequers_serial_rivers_micro_c
Lair:2:   layout_cave_pods
Lair:3:   layout_regular_city, nicolae_spider_entry_orb_guardian,
          infiniplex_staircase_pool_2
Lair:4:   layout_hall_layers, minmay_shoals_entry_hut, serial_bayou_shore_b,
          infiniplex_staircase_pool, grunt_megastairs_2
Lair:5:   layout_roguey, lemuel_fruit_tree
Lair:6:   wormcave, layout_loops_ring, guppyfry_lair_end_dragon, slime_altar_1
Shoals:1: layout_shoals, serial_shops, shop, shop
Shoals:2: layout_shoals, serial_shops, nicolae_shop_waterfront,
          nicolae_shoals_flooded_hall
Shoals:3: layout_shoals, uniq_mara, uniq_louise
Shoals:4: shoals_end_hangedman, layout_shoals, shoal_ilsuiw, serial_shops, shop
Spider:1: layout_spider_delve, guppyfry_spider_mini_3
Spider:2: layout_spider_delve, uniq_donald, uniq_azrael, uniq_agnes
Spider:3: layout_spider_delve, hangedman_spider_tarantella_strand
Spider:4: spider_rune_water, gammafunk_ghost_abyssal_escape, drop_trap
Orc:1:    layout_diamond_mine, uniq_josephine
Orc:2:    st_orc_elflike, layout_caves, mines2_david, uniq_jorgrun
Vaults:1: nicolae_vaults_quadrants, vaults_room_door_hall,
          nicolae_vaults_little_squares_2, grunt_vaults_swirl, v_alt_pattern_6,
          ontoclasm_vaults_loading_screen, nicolae_vaults_diagonal_hallway_6,
          nicolae_vaults_little_squares_4, v_misc_32,
          nicolae_vaults_little_squares_2, nicolae_vaults_rhombus_7,
          nicolae_vaults_gold_heap, layout_vaults_big_room
Vaults:2: nicolae_vaults_circle_grid_b, ontoclasm_vaults_decontamination,
          v_misc_33, ontoclasm_vaults_gateway, v_misc_25,
          vaults_room_stairs_pillars, layout_vaults_omnigrid,
          minmay_crypt_entry_simple_walls, portal_desolation_entry_ruin
Vaults:3: ebering_vaults_ghost_gozag, nicolae_vaults_windows_and_doors_thing,
          nicolae_vaults_yaktaur_gun_rack, v_misc_8, grunt_vaults_hallway_long,
          v_alt_pattern_3, ontoclasm_vaults_hangar, v_misc_13,
          nicolae_vaults_twisting_passages, hangedman_vaults_capsules,
          vaults_mumra_hex, hangedman_vaults_cutoff, vaults_dpeg_encased_lava,
          nicolae_vaults_specimen_jars, layout_vaults_ring, uniq_sojobo

Notes
Turn   | Place    | Note
-------+----------+-------------------------------------------
     0 | Abyss:1  | lepoulpe303 the Demonspawn Abyssal Knight began the quest
                  | for the Orb.
     0 | Abyss:1  | Reached XP level 1. HP: 18/18 MP: 2/2
    29 | Abyss:2  | Noticed a ynoxinul
    29 | Abyss:2  | Noticed a wretched star
    30 | Abyss:2  | Identified a +0 pair of gloves (You found it on level 2 of
                  | the Abyss)
    31 | Abyss:2  | Noticed a small abomination
    41 | D:1      | Escaped the Abyss
    93 | D:1      | Identified a +0 whip
   113 | D:1      | Reached skill level 2 in Long Blades
   113 | D:1      | Reached skill level 1 in Dodging
   373 | D:1      | Identified a +0 club
   523 | D:1      | Gained mutation: When seriously injured, your bleeding
                  | wounds create armour. (AC +9) [demonic ancestry]
   523 | D:1      | Reached XP level 2. HP: 24/24 MP: 3/3
   528 | D:1      | Identified a +0 club
   535 | D:1      | Reached skill level 2 in Armour
   539 | D:1      | Reached * piety under Lugonu
   758 | D:1      | Identified a +0 flail
  1077 | D:1      | Identified a cursed -1 dagger
  1103 | D:1      | Identified a +0 chain mail (You found it on level 1 of the
                  | Dungeon)
  1374 | D:2      | Identified a +0 dagger
  1464 | D:2      | Reached skill level 3 in Invocations
  1464 | D:2      | Gained mutation: You regenerate a little health from kills.
                  | [demonic ancestry]
  1464 | D:2      | Reached XP level 3. HP: 28/29 MP: 5/5
  1473 | D:2      | Identified a +0 club
  1485 | D:2      | Identified 3 scrolls of teleportation
  1695 | D:2      | Identified a +0 club
  1838 | D:2      | Found a hide-covered altar of Uskayaw.
  1838 | D:2      | Identified a cursed -1 club
  2062 | D:2      | Reached XP level 4. HP: 29/35 MP: 6/6
  2308 | D:3      | Identified a +0 flail
  2308 | D:3      | Identified a +0 chain mail
  2308 | D:3      | Noticed Terence
  2337 | D:3      | Killed Terence
  2337 | D:3      | Reached skill level 1 in Shields
  2460 | D:3      | Identified 3 scrolls of identify
  2460 | D:3      | Identified a +4 short sword of electrocution (You found it
                  | on level 2 of the Dungeon)
  2479 | D:3      | Identified a +0 club
  2480 | D:3      | Identified a +0 club
  2481 | D:3      | Identified a +0 dagger
  2481 | D:3      | Identified a +0 club
  2482 | D:3      | Identified a +0 club
  2503 | D:3      | Reached ** piety under Lugonu
  2504 | D:3      | Reached skill level 3 in Long Blades
  2514 | D:3      | Reached XP level 5. HP: 41/41 MP: 7/7
  2542 | D:3      | Identified a +0 short sword
  2545 | D:3      | Identified a cursed +0 dagger
  2546 | D:3      | Identified a +0 club
  2547 | D:3      | Identified a +0 whip
  2552 | D:3      | Identified a +0 spear
  2552 | D:3      | Identified a +0 animal skin
  2552 | D:3      | Identified a +0 helmet
  2552 | D:3      | Noticed Robin
  2614 | D:3      | Killed Robin
  3051 | D:3      | Identified a +0 club
  3092 | D:3      | Found a shimmering blue altar of Sif Muna.
  3171 | D:4      | Reached skill level 2 in Dodging
  3245 | D:4      | Identified a +0 dagger
  3245 | D:4      | Identified a +0 robe
  3246 | D:4      | Identified a +0 dagger
  3246 | D:4      | Identified a +0 robe
  3249 | D:4      | Reached skill level 2 in Shields
  3256 | D:4      | Identified a +0 hand axe
  3256 | D:4      | Identified a +0 scale mail
  3263 | D:4      | Identified a +0 dagger
  3265 | D:4      | Reached *** piety under Lugonu
  3265 | D:4      | Gained mutation: You have sharp toenails. [demonic
                  | ancestry]
  3265 | D:4      | Reached XP level 6. HP: 38/48 MP: 8/8
  3335 | D:4      | Noticed a slave
  3335 | D:4      | Noticed a slave
  3336 | D:4      | Noticed a slave
  3349 | D:4      | Killed a slave
  3357 | D:4      | Killed a slave
  3363 | D:4      | Killed a slave
  3379 | D:4      | Noticed a slave
  3392 | D:4      | Killed a slave
  3419 | D:4      | Identified a +2 whip of flaming
  3419 | D:4      | Identified a +1 robe of fire resistance
  3419 | D:4      | Noticed Pikel
  3439 | D:4      | Killed Pikel
  3439 | D:4      | Reached skill level 4 in Fighting
  3439 | D:4      | Reached skill level 4 in Long Blades
  3439 | D:4      | Reached skill level 3 in Armour
  3439 | D:4      | Reached skill level 3 in Shields
  3439 | D:4      | Reached skill level 4 in Invocations
  3439 | D:4      | Gained mutation: You regenerate health from kills. [demonic
                  | ancestry]
  3439 | D:4      | Reached XP level 7. HP: 33/54 MP: 8/10
  3449 | D:4      | Identified a +0 tower shield (You found it on level 2 of
                  | the Dungeon)
  3544 | D:4      | Identified a +1 vorpal dire flail
  3544 | D:4      | Identified a +0 ring mail
  3544 | D:4      | Noticed Edmund
  3553 | D:4      | Killed Edmund
  3632 | D:4      | Identified a +0 club
  3632 | D:4      | Identified a +0 leather armour
  3638 | D:4      | Identified a +3 dagger
  3639 | D:4      | Identified a +0 club
  3739 | D:4      | Identified 5 scrolls of remove curse
  3740 | D:4      | Identified a ring of protection (You found it on level 4 of
                  | the Dungeon)
  3876 | D:4      | Identified a +0 dagger
  3948 | D:5      | Entered Level 5 of the Dungeon
  3981 | D:5      | Reached XP level 8. HP: 61/61 MP: 11/11
  3997 | D:5      | Identified +0 ice dragon scales (You found it on level 5 of
                  | the Dungeon)
  4012 | D:5      | Reached skill level 5 in Invocations
  4041 | D:5      | Identified a cursed -1 club
  4041 | D:5      | Identified a +0 short sword
  4041 | D:5      | Identified a +0 ring mail
  4041 | D:5      | Identified a +0 trident
  4041 | D:5      | Identified a +2 dagger of freezing
  4041 | D:5      | Identified a +0 robe
  4076 | D:5      | Reached skill level 3 in Dodging
  4185 | D:5      | Identified a +0 leather armour
  4185 | D:5      | Identified a +0 leather armour
  4186 | D:5      | Identified a +0 flail
  4186 | D:5      | Identified a +0 ring mail
  4186 | D:5      | Identified a +0 chain mail
  4188 | D:5      | Identified a +0 dagger
  4188 | D:5      | Identified a +0 leather armour
  4332 | D:5      | Reached skill level 4 in Shields
  4466 | D:5      | Identified a +0 flail
  4467 | D:5      | Identified a +0 dagger
  4467 | D:5      | Identified a +0 robe
  4475 | D:5      | Identified a +0 short sword
  4480 | D:5      | Identified a +0 dagger
  4480 | D:5      | Identified a +0 robe
  4572 | D:5      | Identified a +0 shortbow
  4577 | D:5      | Reached skill level 5 in Long Blades
  5104 | D:6      | Identified a ring of attention (You found it on level 6 of
                  | the Dungeon)
  5222 | D:6      | Identified a +0 giant spiked club
  5246 | D:6      | Identified a +0 giant spiked club
  5249 | D:6      | Identified a +0 morningstar
  5252 | D:6      | Identified a +0 dagger
  5252 | D:6      | Identified a +0 robe
  5254 | D:6      | Identified a +0 hand axe
  5274 | D:6      | Identified a +0 hand axe
  5274 | D:6      | Identified a +0 chain mail
  5285 | D:6      | Reached **** piety under Lugonu
  5386 | D:6      | Identified a +0 giant club
  5393 | D:6      | Reached skill level 5 in Fighting
  5393 | D:6      | Reached skill level 4 in Armour
  5431 | D:6      | Identified a +0 leather armour
  5431 | D:6      | Identified a +0 dagger
  5431 | D:6      | Identified a cursed +0 robe
  5432 | D:6      | Identified a +0 trident
  5434 | D:6      | Identified a +0 mace
  5434 | D:6      | Identified a +0 leather armour
  5455 | D:6      | Reached skill level 5 in Shields
  6022 | D:7      | Found Nitergh's Armour Boutique.
  6022 | D:7      | Identified a +0 giant spiked club
  6022 | D:7      | Identified a +0 short sword
  6022 | D:7      | Identified a +0 leather armour
  6031 | D:7      | Reached XP level 9. HP: 48/68 MP: 13/13
  6067 | D:7      | Identified a +0 giant spiked club
  6144 | D:7      | Identified a +0 club
  6144 | D:7      | Identified a +0 scale mail
  6144 | D:7      | Identified a +0 dagger
  6144 | D:7      | Identified a +0 scale mail
  6145 | D:7      | Identified a +0 dagger
  6145 | D:7      | Identified a +0 robe
  6147 | D:7      | Identified a +0 whip
  6147 | D:7      | Identified a +1 flail of draining
  6147 | D:7      | Identified a +0 ring mail
  6152 | D:7      | Identified a +0 dagger
  6169 | D:7      | Identified a cursed -2 flail
  6182 | D:7      | Reached skill level 6 in Invocations
  6185 | D:7      | Identified a +0 scimitar
  6185 | D:7      | Identified a +0 plate armour
  6199 | D:7      | Reached skill level 6 in Long Blades
  6220 | D:7      | Identified a potion of stabbing
  6221 | D:7      | Identified a +0 long sword (You found it on level 3 of the
                  | Dungeon)
  6223 | D:7      | Identified 4 potions of berserk rage
  6224 | D:7      | Identified 2 potions of heal wounds
  6225 | D:7      | Identified 2 potions of mutation
  6226 | D:7      | Identified 2 potions of curing
  6345 | D:7      | Found a staircase to the Ecumenical Temple.
  6375 | D:7      | Reached skill level 4 in Dodging
  6503 | D:7      | Identified a +1 long sword of distortion
  6503 | D:7      | Identified a +0 ring mail
  6829 | D:8      | Identified a +0 giant club
  6829 | D:8      | Identified a +0 giant spiked club
  6829 | D:8      | Noticed a two-headed ogre
  6865 | D:8      | Identified a +0 shortbow
  6865 | D:8      | Identified a +0 club
  6875 | D:8      | Identified a +0 hand axe
  6875 | D:8      | Identified a +0 leather armour
  6921 | D:8      | Identified a +0 giant club
  6940 | D:8      | Reached skill level 6 in Shields
  6995 | D:8      | Banished a two-headed ogre
  6995 | D:8      | Reached skill level 7 in Long Blades
  7126 | D:8      | Identified a potion of degeneration
  7209 | D:8      | Identified a +0 shortbow
  7218 | D:8      | Reached skill level 7 in Invocations
  7220 | D:8      | Reached XP level 10. HP: 76/76 MP: 15/15
  7271 | D:8      | Found Qeofruwu's General Store.
  7320 | D:8      | Found a runed translucent gate.
  7321 | D:8      | Found a runed translucent gate.
  7321 | D:8      | Found a runed translucent gate.
  7322 | D:8      | Found an opulent altar of Gozag.
  7323 | D:8      | Noticed coffeespoons's ghost (novice GrBe)
  7323 | D:8      | Identified a +0 dagger
  7323 | D:8      | Identified a +0 scimitar
  7323 | D:8      | Identified a +0 chain mail
  7922 | D:8      | Reached ***** piety under Lugonu
  7922 | D:8      | Banished coffeespoons's ghost
  7922 | D:8      | Reached skill level 6 in Fighting
  7922 | D:8      | Reached skill level 5 in Armour
  7992 | D:9      | Identified a +0 giant club
  8006 | D:9      | Found a bloodstained altar of Trog.
  8046 | D:9      | Identified a +0 leather armour
  8048 | D:9      | Identified a +0 ring mail
  8048 | D:9      | Identified a +0 flail
  8048 | D:9      | Identified a +0 ring mail
  8126 | D:9      | Identified a +0 giant spiked club
  8375 | D:9      | Identified a +0 giant club
  8378 | D:9      | Identified a +0 giant spiked club
  8529 | D:10     | Entered Level 10 of the Dungeon
  8550 | D:10     | Reached skill level 7 in Shields
  8558 | D:10     | Reached skill level 5 in Dodging
  8724 | D:10     | Got an encrusted ring mail
  8735 | D:10     | Identified the +1 ring mail of Elyvilon's Castigation {rF+}
                  | (You found it on level 10 of the Dungeon)
  8789 | D:10     | Identified a +0 short sword
  8840 | D:10     | Identified a +0 mace
  8840 | D:10     | Identified a cursed +0 great sword
  8840 | D:10     | Identified a +0 robe
  8847 | D:10     | Identified a +0 short sword
  8847 | D:10     | Identified a +0 robe
  8849 | D:10     | Identified a cursed +2 halberd
  8849 | D:10     | Identified a +0 robe
  8869 | D:10     | Reached skill level 8 in Long Blades
  8877 | D:10     | Identified a +3 scimitar
  8877 | D:10     | Identified a +0 robe
  8928 | D:10     | HP: 18/77 [poisoned by a killer bee]
  8936 | D:10     | Reached skill level 8 in Invocations
  9061 | D:10     | Identified a +3 dagger of chaos
  9061 | D:10     | Identified a +0 robe
  9061 | D:10     | Noticed Psyche
  9064 | D:10     | Killed Psyche
  9319 | D:11     | Gained mutation: When hurt, damage is shared between your
                  | health and your magic reserves. [demonic ancestry]
  9319 | D:11     | Reached XP level 11. HP: 48/83 MP: 17/17
  9345 | D:11     | Identified a +0 giant spiked club
  9345 | D:11     | Identified a +0 dire flail
  9345 | D:11     | Noticed a two-headed ogre
  9355 | D:11     | HP: 19/83 [two-headed ogre/+0 giant spiked club (9)]
  9361 | D:11     | Killed a two-headed ogre
  9648 | D:11     | Identified a cursed -2 hand axe
  9648 | D:11     | Identified a +0 chain mail
  9648 | D:11     | Identified a +0 glaive
  9648 | D:11     | Identified a +0 chain mail
  9648 | D:11     | Identified a +0 trident
  9649 | D:11     | Identified a +0 hand axe
  9649 | D:11     | Identified a +0 ring mail
  9657 | D:11     | Identified a +0 hand axe
  9658 | D:11     | Identified a +0 club
  9659 | D:11     | Identified a +0 mace
  9659 | D:11     | Identified a +0 chain mail
  9661 | D:11     | Identified a cursed -3 hand axe
  9661 | D:11     | Identified a +0 falchion
  9662 | D:11     | Identified a +0 whip
  9662 | D:11     | Identified a +0 leather armour
  9662 | D:11     | Identified a +0 whip
  9662 | D:11     | Identified a +0 chain mail
  9663 | D:11     | Identified a +0 war axe
  9663 | D:11     | Identified a +0 plate armour
  9663 | D:11     | Identified a +0 long sword
  9663 | D:11     | Identified a +0 plate armour
  9670 | D:11     | Identified a +0 trident
  9670 | D:11     | Identified a +0 whip
  9671 | D:11     | Identified a cursed -1 club
  9672 | D:11     | Identified a +0 club
  9675 | D:11     | Identified a +0 dagger
  9676 | D:11     | Identified a +0 glaive
  9676 | D:11     | Identified a +0 plate armour
  9676 | D:11     | Identified a cursed -3 hand axe
  9676 | D:11     | Identified a +0 leather armour
  9676 | D:11     | Identified a +0 chain mail
  9676 | D:11     | Identified a +0 short sword
  9676 | D:11     | Identified a +0 dagger
  9676 | D:11     | Identified a +0 chain mail
  9760 | D:11     | Identified a +0 troll leather armour
  9760 | D:11     | Reached skill level 8 in Shields
  9891 | D:11     | Identified a +0 dagger of venom
  9891 | D:11     | Identified a cursed +0 robe
  9891 | D:11     | Identified a +0 hand axe
  9957 | D:11     | Identified a +0 dagger
  9957 | D:11     | Identified a +0 short sword
  9957 | D:11     | Identified a +0 short sword
  9963 | D:11     | Identified a +0 dire flail
  9963 | D:11     | Identified a cursed +0 chain mail
  9963 | D:11     | Reached skill level 7 in Fighting
  9967 | D:11     | Reached skill level 6 in Armour
 10015 | D:11     | Identified a +0 giant spiked club
 10019 | D:11     | Noticed a white ugly thing
 10031 | D:11     | Banished a white ugly thing
 10087 | D:11     | Identified a +1 battleaxe of freezing
 10087 | D:11     | Identified a +0 robe
 10093 | D:11     | Identified a +2 long sword
 10093 | D:11     | Identified a +0 robe
 10095 | D:11     | Identified a cursed +0 trident
 10095 | D:11     | Identified a +0 robe
 10097 | D:11     | Identified a +0 mace
 10097 | D:11     | Identified a +0 robe
 10124 | D:11     | Found a staircase to the Lair.
 10361 | D:11     | Identified 3 scrolls of blinking
 10362 | D:11     | Identified a cursed -2 long sword (You found it on level 11
                  | of the Dungeon)
 10367 | D:11     | Identified 3 scrolls of fear
 10368 | D:11     | Identified a potion of flight
 10369 | D:11     | Identified 2 potions of brilliance
 10725 | D:11     | Identified a potion of lignification
 10728 | Lair:1   | Entered Level 1 of the Lair of Beasts
 10792 | Lair:1   | Reached ****** piety under Lugonu
 10810 | Lair:1   | Noticed Ceckukk's ghost (journeyman GrEE)
 10816 | Lair:1   | Found a transporter.
 10864 | Lair:1   | Reached skill level 9 in Long Blades
 10962 | Lair:1   | Found a transporter.
 11177 | Lair:1   | Reached skill level 6 in Dodging
 11177 | Lair:1   | Reached skill level 9 in Invocations
 11413 | Lair:1   | Reached skill level 1 in Evocations
 11691 | Lair:2   | Identified a +2 helmet (You found it on level 2 of the Lair
                  | of Beasts)
 12669 | Lair:3   | Reached skill level 2 in Evocations
 12714 | Lair:3   | Reached XP level 12. HP: 52/91 MP: 11/19
 12854 | Lair:3   | Reached skill level 9 in Shields
 12869 | Lair:3   | Noticed a five-headed hydra
 12883 | Lair:3   | Killed a five-headed hydra
 12883 | Lair:3   | Reached skill level 10 in Invocations
 13093 | Lair:3   | Identified a ring of poison resistance (You found it on
                  | level 3 of the Lair of Beasts)
 13242 | Lair:3   | Found a hole to the Spider Nest.
 13603 | Lair:3   | Noticed an eight-headed hydra
 13610 | Lair:3   | Killed an eight-headed hydra
 13867 | Lair:4   | Reached skill level 3 in Evocations
 14169 | Lair:4   | Got a twisted helmet
 14180 | Lair:4   | Identified the cursed +0 helmet "Zuqex" {+Inv MR+ rCorr}
                  | (You found it on level 4 of the Lair of Beasts)
 14208 | Lair:4   | Found a staircase to the Shoals.
 14311 | Lair:4   | Reached skill level 8 in Fighting
 14655 | Lair:4   | Identified 3 potions of invisibility
 14656 | Lair:4   | Identified 2 potions of magic
 14657 | Lair:4   | Identified 2 potions of might
 14658 | Lair:4   | Identified a potion of ambrosia
 14660 | Lair:4   | Identified 3 scrolls of random uselessness
 14662 | Lair:4   | Identified 3 scrolls of fog
 14663 | Lair:4   | Identified 2 scrolls of amnesia
 14675 | Lair:4   | Identified a cursed +0 chain mail (You found it on level 4
                  | of the Lair of Beasts)
 14725 | Lair:5   | Reached skill level 10 in Long Blades
 14740 | Lair:5   | Noticed a four-headed hydra
 14767 | Lair:5   | Killed a four-headed hydra
 14767 | Lair:5   | Reached skill level 7 in Armour
 14779 | Lair:5   | Noticed a death yak
 14781 | Lair:5   | Noticed a death yak
 14782 | Lair:5   | Noticed a death yak
 14782 | Lair:5   | Noticed a death yak
 14785 | Lair:5   | Noticed a death yak
 14786 | Lair:5   | Noticed a death yak
 14789 | Lair:5   | Killed a death yak
 14793 | Lair:5   | Banished a death yak
 14793 | Lair:5   | Reached skill level 11 in Invocations
 14804 | Lair:5   | Killed a death yak
 14952 | Lair:5   | HP: 23/93 [poisoned by a spiny frog]
 14957 | Lair:5   | HP: 21/93 [black mamba (9)]
 14962 | Lair:5   | HP: 20/93 [yak (2)]
 15422 | Lair:5   | Reached skill level 7 in Dodging
 15635 | Lair:5   | Gained mutation: You regenerate a lot of health from kills.
                  | [demonic ancestry]
 15635 | Lair:5   | Reached XP level 13. HP: 96/98 MP: 19/21
 15783 | Lair:5   | Reached skill level 4 in Evocations
 15983 | Lair:6   | Entered Level 6 of the Lair of Beasts
 16011 | Lair:6   | Reached skill level 10 in Shields
 16269 | Lair:6   | Found a runed translucent door.
 16337 | Lair:6   | HP: 24/99 [rime drake/flash freeze (2)]
 16342 | Lair:6   | HP: 18/99 [crocodile (3)]
 16347 | Lair:6   | HP: 6/99 [komodo dragon (11)]
 16384 | Lair:6   | Found a staircase to the Slime Pits.
 16660 | Lair:6   | Found a viscous altar of Jiyva.
 17067 | Lair:6   | Identified +0 steam dragon scales
 17289 | Lair:6   | Noticed a fire dragon
 17664 | Lair:6   | Identified a ring of stealth (You found it on level 5 of
                  | the Lair of Beasts)
 17867 | Lair:6   | Banished a fire dragon
 17867 | Lair:6   | Reached skill level 12 in Invocations
 18242 | Lair:6   | Identified a +3 plate armour (You found it on level 6 of
                  | the Lair of Beasts)
 18572 | D:11     | Identified a +0 troll leather armour
 18580 | D:12     | Identified a +0 dagger
 18580 | D:12     | Identified a +0 leather armour
 18581 | D:12     | Identified a +0 falchion
 18582 | D:12     | Identified a +0 dagger
 18582 | D:12     | Identified a +0 robe
 18587 | D:12     | Identified a +0 falchion
 18588 | D:12     | Identified a +1 morningstar of protection
 18589 | D:12     | Identified a +1 dagger of draining
 18589 | D:12     | Noticed Sonja
 18589 | D:12     | Identified a +0 giant club
 18728 | D:12     | Identified a +0 battleaxe
 18731 | D:12     | Identified a +2 great mace of draining
 18731 | D:12     | Identified a +0 chain mail
 18790 | D:11     | Killed Sonja
 18808 | D:12     | Identified 4 scrolls of magic mapping
 18862 | D:12     | Identified a +0 flail
 18864 | D:12     | Identified a +0 dagger
 18864 | D:12     | Identified a +0 ring mail
 18865 | D:12     | Identified a +1 war axe of venom
 18865 | D:12     | Identified a +0 club
 18866 | D:12     | Identified a +0 club
 18867 | D:12     | Identified a +0 dagger
 18873 | D:12     | Identified a cursed -2 dagger
 18894 | D:12     | Reached skill level 11 in Long Blades
 18899 | D:12     | Identified a +0 short sword
 18900 | D:12     | Identified a +0 club
 18902 | D:12     | Reached skill level 5 in Evocations
 19009 | D:12     | Found a frozen archway.
 19052 | IceCv    | Entered an ice cave
 19054 | IceCv    | Reached skill level 9 in Fighting
 19317 | IceCv    | Gained mutation: When seriously injured, your bleeding
                  | wounds create thick armour. (AC +9) [demonic ancestry]
 19317 | IceCv    | Reached XP level 14. HP: 87/108 MP: 19/23
 19404 | IceCv    | Reached skill level 8 in Armour
 19533 | IceCv    | Identified a +1 battleaxe of freezing
 19533 | IceCv    | Noticed a frost giant
 19562 | IceCv    | Banished a frost giant
 19627 | IceCv    | Identified a +1 tower shield of cold resistance {rC+} (You
                  | found it in an ice cave)
 19648 | IceCv    | Identified 4 scrolls of vulnerability
 19649 | IceCv    | Identified 4 scrolls of enchant weapon
 19733 | D:12     | Identified 3 scrolls of immolation
 19793 | D:12     | Reached skill level 13 in Invocations
 19949 | D:12     | Identified a +0 bardiche
 19949 | D:12     | Identified a +0 ring mail
 19997 | D:12     | Noticed Kirke
 19999 | D:12     | lepoulpe303: ??kirke
 20045 | D:12     | HP: 27/108 [harpy[Kirke] (7)]
 20047 | D:12     | HP: 11/108 [harpy[Kirke] (9)]
 20051 | D:12     | HP: 4/108 [harpy[Kirke] (16)]
 20085 | D:11     | HP: 27/108 [crimson imp (2)]
 20511 | D:12     | Reached skill level 11 in Shields
 20528 | D:12     | Identified a cursed -1 trident
 20528 | D:12     | Identified a +0 ring mail
 20528 | D:12     | Identified a +0 whip
 20528 | D:12     | Identified a cursed -1 trident
 20528 | D:12     | Identified a +0 scale mail
 20528 | D:12     | Identified a +0 kite shield
 20529 | D:12     | Identified a +0 whip
 20531 | D:12     | Identified a +0 trident of freezing
 20531 | D:12     | Identified a +0 ring mail
 20531 | D:12     | Identified a +0 buckler
 20531 | D:12     | Identified a +0 trident
 20531 | D:12     | Identified a +0 ring mail
 20531 | D:12     | Identified a +0 kite shield
 20534 | D:12     | Identified a +0 spear
 20540 | D:12     | Identified a +0 vorpal spear
 20540 | D:12     | Identified a cursed +0 scale mail
 20541 | D:12     | Found a staircase to the Orcish Mines.
 20541 | D:12     | Identified a +0 giant club
 20541 | D:12     | Identified a +0 scimitar
 20541 | D:12     | Identified a +0 plate armour
 20541 | D:12     | Identified a cursed -1 dagger
 20541 | D:12     | Identified a cursed -3 dagger
 20542 | D:12     | Identified a +0 flail
 20542 | D:12     | Identified a +0 plate armour
 20542 | D:12     | Identified a +0 trident
 20542 | D:12     | Identified a +0 whip
 20749 | D:12     | Killed Kirke
 20995 | D:12     | Identified 3 scrolls of enchant armour
 20996 | D:12     | Identified 2 scrolls of acquirement
 20997 | D:12     | Got the amulet "Icluz" {Reflect Str+4 Int+3 Dex+5 SH+5}
 21048 | Orc:1    | Entered Level 1 of the Orcish Mines
 21049 | Orc:1    | Identified a +0 dire flail
 21049 | Orc:1    | Identified a +0 chain mail
 21049 | Orc:1    | Identified a +0 short sword
 21054 | Orc:1    | Identified a cursed -3 club
 21054 | Orc:1    | Identified a +0 scale mail
 21076 | Orc:1    | Identified a cursed -3 dagger
 21076 | Orc:1    | Identified a +0 robe
 21076 | Orc:1    | Noticed Josephine
 21086 | Orc:1    | Killed Josephine
 21089 | Orc:1    | Reached skill level 8 in Dodging
 21206 | Orc:2    | Entered Level 2 of the Orcish Mines
 21215 | Orc:1    | Identified a +0 hand axe
 21215 | Orc:1    | Identified a +0 plate armour
 21215 | Orc:1    | Identified a +0 flail
 21215 | Orc:1    | Identified a +0 leather armour
 21215 | Orc:1    | Identified a cursed +0 flail
 21215 | Orc:1    | Identified a +0 chain mail
 21215 | Orc:1    | Identified a +0 flail
 21215 | Orc:1    | Identified a +0 short sword
 21216 | Orc:1    | Identified a cursed +0 mace
 21216 | Orc:1    | Identified a +0 leather armour
 21218 | Orc:1    | Identified a +0 dagger
 21218 | Orc:1    | Identified a +0 robe
 21220 | Orc:1    | Identified a +0 leather armour
 21221 | Orc:1    | Identified a +0 dagger
 21221 | Orc:1    | Identified a +0 robe
 21221 | Orc:1    | Identified a +0 chain mail
 21243 | Orc:1    | Identified a +0 dagger
 21263 | Orc:1    | Identified a +0 flail
 21263 | Orc:1    | Identified a +0 chain mail
 21264 | Orc:1    | Identified a +0 dagger
 21264 | Orc:1    | Identified a +0 leather armour
 21266 | Orc:1    | Identified a +0 dagger
 21266 | Orc:1    | Identified a +0 robe
 21266 | Orc:1    | Identified a +0 giant spiked club
 21267 | Orc:1    | Identified a +2 vampiric short sword
 21270 | Orc:1    | Identified a +0 giant club
 21322 | Orc:1    | Identified a +0 dire flail
 21322 | Orc:1    | Identified a +0 arbalest
 21322 | Orc:1    | Identified a +0 plate armour
 21322 | Orc:1    | Identified a +0 leather armour
 21322 | Orc:1    | Identified a +0 glaive
 21322 | Orc:1    | Identified a +0 plate armour
 21326 | Orc:1    | Identified a cursed -1 war axe
 21326 | Orc:1    | Identified a +0 plate armour
 21357 | Orc:1    | Identified a +0 dagger
 21357 | Orc:1    | Identified a +0 robe
 21358 | Orc:1    | Identified a +0 battleaxe
 21358 | Orc:1    | Identified a +0 plate armour
 21425 | Orc:1    | Identified a +0 giant spiked club
 21640 | Orc:2    | Found a staircase to the Elven Halls.
 21645 | Orc:1    | Identified a +0 hand axe
 21645 | Orc:1    | Identified a +0 leather armour
 21645 | Orc:1    | Identified a +0 dagger
 21645 | Orc:1    | Identified a +0 ring mail
 21645 | Orc:1    | Identified a +0 trident
 21645 | Orc:1    | Identified a cursed -2 ring mail
 21717 | Orc:1    | Identified a +0 giant club
 21723 | Orc:1    | Identified a +0 dagger
 21723 | Orc:1    | Identified a +0 robe
 21724 | Orc:1    | Identified a cursed +0 short sword
 21724 | Orc:1    | Identified a +0 chain mail
 21727 | Orc:1    | Identified a +0 leather armour
 21728 | Orc:1    | Identified a +0 long sword
 21728 | Orc:1    | Identified a +0 plate armour
 21733 | Orc:1    | Identified a +0 mace
 21733 | Orc:1    | Identified a +0 ring mail
 21856 | Orc:2    | Identified a +0 dagger
 21856 | Orc:2    | Identified a +2 robe of magic resistance
 21857 | Orc:2    | Identified a +0 war axe
 21857 | Orc:2    | Identified a +0 ring mail
 21857 | Orc:2    | Identified a +0 trident of holy wrath
 21857 | Orc:2    | Identified a cursed +0 scale mail
 21857 | Orc:2    | Identified a cursed -1 dagger
 21857 | Orc:2    | Identified a +0 battleaxe
 21857 | Orc:2    | Identified a +0 chain mail
 21859 | Orc:2    | Identified a +0 scimitar
 21859 | Orc:2    | Identified a +0 chain mail
 22007 | Orc:2    | Identified a +0 hand axe
 22008 | Orc:2    | Identified a +0 giant club
 22017 | Orc:2    | Identified a +0 ring mail
 22020 | Orc:2    | Identified a +0 vorpal quarterstaff
 22020 | Orc:2    | Identified a +0 robe
 22020 | Orc:2    | Noticed Jorgrun
 22079 | Orc:2    | Identified a +0 club
 22079 | Orc:2    | Identified a +0 chain mail
 22079 | Orc:2    | Identified a +0 ring mail
 22080 | Orc:2    | Identified a +0 flail
 22080 | Orc:2    | Identified a +0 plate armour
 22080 | Orc:2    | Identified a +0 flail
 22080 | Orc:2    | Identified a +0 chain mail
 22080 | Orc:2    | Identified a +0 flail
 22080 | Orc:2    | Identified a +0 leather armour
 22081 | Orc:2    | Identified a +3 scimitar of protection
 22081 | Orc:2    | Identified a +0 plate armour
 22081 | Orc:2    | Identified a +0 falchion
 22081 | Orc:2    | Identified a +0 leather armour
 22082 | Orc:2    | Identified a +0 dagger
 22082 | Orc:2    | Identified a +0 robe
 22116 | Orc:2    | Identified a +0 flail
 22118 | Orc:2    | Identified a +0 dagger
 22118 | Orc:2    | Identified a +0 robe
 22119 | Orc:2    | Identified a +0 whip
 22181 | Orc:2    | Identified a cursed +0 halberd
 22181 | Orc:2    | Identified a +0 vampiric spear
 22182 | Orc:2    | Identified a +0 flail of holy wrath
 22182 | Orc:2    | Identified a +0 flail
 22182 | Orc:2    | Identified a +0 spear
 22182 | Orc:2    | Identified a +0 scale mail
 22182 | Orc:2    | Identified a cursed -2 whip
 22249 | Orc:2    | Identified a +0 dagger
 22249 | Orc:2    | Identified a +0 robe
 22249 | Orc:2    | Identified a +0 hand axe
 22258 | Orc:2    | Identified a +0 dagger
 22258 | Orc:2    | Identified a +0 robe
 22258 | Orc:2    | Identified a +0 trident
 22258 | Orc:2    | Identified a +0 mace
 22258 | Orc:2    | Identified a +0 chain mail
 22259 | Orc:2    | Identified a +0 club
 22259 | Orc:2    | Identified a +0 chain mail
 22261 | Orc:2    | Identified a +1 scale mail of cold resistance
 22261 | Orc:2    | Identified a +0 hand axe
 22263 | Orc:2    | Identified a +0 glaive
 22263 | Orc:2    | Identified a +0 plate armour
 22403 | Orc:2    | Identified a +0 falchion
 22403 | Orc:2    | Identified a +0 mace
 22411 | Orc:2    | Identified a +0 dagger
 22411 | Orc:2    | Identified a +2 robe of magic resistance
 22411 | Orc:2    | Identified a +1 dagger of draining
 22411 | Orc:2    | Identified a +0 robe
 22411 | Orc:2    | Identified a +0 dagger
 22411 | Orc:2    | Identified a +2 robe of positive energy
 22411 | Orc:2    | Identified a +0 scimitar
 22411 | Orc:2    | Identified a +0 plate armour
 22411 | Orc:2    | Identified a +0 dire flail
 22411 | Orc:2    | Identified a +0 chain mail
 22412 | Orc:2    | Identified a +0 great mace of protection
 22412 | Orc:2    | Identified a +0 plate armour
 22413 | Orc:2    | Found Jiops's Assorted Antiques.
 22413 | Orc:2    | Identified a +0 battleaxe
 22413 | Orc:2    | Identified a +0 plate armour
 22416 | Orc:2    | Identified a +0 dagger
 22416 | Orc:2    | Identified a +2 robe of magic resistance
 22418 | Orc:2    | Identified a cursed +0 battleaxe
 22418 | Orc:2    | Identified a +0 arbalest
 22418 | Orc:2    | Identified a +0 chain mail
 22419 | Orc:2    | Identified a +0 long sword
 22419 | Orc:2    | Identified a +0 plate armour
 22421 | Orc:2    | Identified a +0 glaive
 22421 | Orc:2    | Identified a cursed -2 plate armour
 22423 | Orc:2    | Identified a +0 battleaxe
 22423 | Orc:2    | Identified a +0 leather armour
 22427 | Orc:2    | Identified a cursed -3 trident
 22429 | Orc:2    | Identified a +0 dagger
 22429 | Orc:2    | Identified a +0 robe
 22476 | Orc:2    | Reached skill level 6 in Evocations
 22516 | Orc:2    | Identified a +0 club
 22526 | Orc:2    | Identified a +0 dagger
 22526 | Orc:2    | Identified a +2 robe of magic resistance
 22530 | Orc:2    | Identified a +0 dire flail
 22530 | Orc:2    | Identified a cursed +0 plate armour
 22534 | Orc:2    | Identified a +0 great mace
 22534 | Orc:2    | Identified a +0 plate armour
 22534 | Orc:2    | Identified a +0 dagger
 22534 | Orc:2    | Identified a +0 robe
 22535 | Orc:2    | Identified a +0 dagger
 22535 | Orc:2    | Identified a +0 robe
 22535 | Orc:2    | Identified a +0 short sword
 22535 | Orc:2    | Identified a +0 ring mail
 22536 | Orc:2    | Identified a +0 mace
 22536 | Orc:2    | Identified a +0 plate armour
 22538 | Orc:2    | Identified a cursed -1 short sword
 22611 | Orc:2    | Found Faxzen's Food Emporium.
 22617 | Orc:2    | Found Koczaeb's Antique Weapon Emporium.
 22621 | Orc:2    | Found Dojell's Distillery.
 22632 | Orc:2    | Bought a potion of curing for 39 gold pieces
 22632 | Orc:2    | Bought a potion of curing for 39 gold pieces
 22632 | Orc:2    | Bought a potion of heal wounds for 65 gold pieces
 22632 | Orc:2    | Bought a potion of resistance for 130 gold pieces
 22747 | Orc:2    | Identified a +0 dagger
 22747 | Orc:2    | Identified a cursed +0 robe
 22759 | Orc:2    | Identified a +0 trident
 22836 | Orc:2    | Identified a +0 hand axe
 22861 | Orc:2    | Identified a +0 dagger
 22861 | Orc:2    | Identified a +0 leather armour
 22868 | Orc:2    | Identified a +2 flail of protection
 22878 | Orc:2    | Identified a +0 trident
 22878 | Orc:2    | Identified a +0 leather armour
 22885 | Orc:2    | Found a roughly hewn altar of Beogh.
 22899 | Orc:2    | Identified a +0 falchion
 22899 | Orc:2    | Identified a +0 leather armour
 23009 | Orc:2    | Killed Jorgrun
 23050 | Orc:2    | Identified a +0 club
 23050 | Orc:2    | Identified a +0 leather armour
 23315 | D:13     | Identified a +0 dagger
 23315 | D:13     | Identified a +0 leather armour
 23345 | D:13     | Identified a +0 flail
 23369 | D:13     | Identified a +0 giant club
 23413 | D:13     | Identified a +2 war axe
 23413 | D:13     | Identified a +0 chain mail
 23413 | D:13     | Noticed Urug
 23426 | D:13     | Banished Urug
 23578 | D:13     | Identified a +0 longbow
 23610 | D:13     | Reached skill level 14 in Invocations
 23643 | D:13     | Identified a +0 long sword
 23643 | D:13     | Identified a +0 giant club
 23643 | D:13     | Identified a +0 giant club
 23792 | D:13     | Identified a +0 halberd
 23792 | D:13     | Identified a +0 plate armour
 23797 | D:13     | Identified a +0 club
 23801 | D:13     | Identified a +0 club
 24012 | D:13     | Identified a +0 short sword of protection
 24118 | D:13     | Found a gate to the Vaults.
 24220 | D:13     | Identified a +0 pair of boots (You found it on level 13 of
                  | the Dungeon)
 24377 | D:14     | Identified a potion of haste
 24378 | D:14     | Identified a scroll of noise
 24379 | D:14     | Got a smelly ring mail
 24390 | D:14     | Identified the +2 ring mail of the Engineer {rElec Int+2}
                  | (You found it on level 14 of the Dungeon)
 24634 | D:14     | Identified a +0 shortbow
 24634 | D:14     | Identified a +0 shortbow
 24634 | D:14     | Identified a +0 shortbow
 24640 | D:14     | Gained mutation: You have razor-sharp toenails. [demonic
                  | ancestry]
 24640 | D:14     | Reached XP level 15. HP: 106/115 MP: 23/25
 24664 | D:14     | Reached skill level 12 in Long Blades
 24765 | D:14     | Identified a +1 great sword
 24765 | D:14     | Identified a +0 chain mail
 24816 | D:14     | Identified a +0 giant club
 24816 | D:14     | Identified a +0 giant club
 24931 | D:14     | Identified a +0 longbow
 24957 | D:14     | Identified a +2 scimitar of flaming
 24986 | D:14     | Found a stormy altar of Qazlal.
 25335 | D:15     | Entered Level 15 of the Dungeon
 25392 | D:15     | Found a staircase to the Depths.
 25392 | D:15     | Identified a +1 great sword of flaming
 25392 | D:15     | Noticed a fire giant
 25411 | D:15     | Identified a cursed -3 mace
 25590 | D:15     | Identified a +0 short sword
 25590 | D:15     | Identified a +0 dagger
 25590 | D:15     | Identified a +0 robe
 25600 | D:14     | Killed a fire giant
 25808 | D:15     | Identified a +0 giant club
 25808 | D:15     | Identified a +0 giant spiked club
 25831 | D:15     | Identified a +0 shortbow
 25914 | D:15     | Identified a cursed -1 dagger
 25914 | D:15     | Identified a +0 robe
 25987 | D:15     | Identified a +0 hand axe
 25987 | D:15     | Identified a +0 robe
 25989 | D:15     | Identified a cursed -2 war axe
 25989 | D:15     | Identified a +0 robe
 25989 | D:15     | Identified a +0 hand axe
 25989 | D:15     | Identified a +0 leather armour
 26106 | D:15     | Identified a +0 giant spiked club
 26107 | D:15     | Identified a +0 giant spiked club
 26107 | D:15     | Identified a +0 giant club
 26108 | D:15     | Identified a +2 halberd of venom
 26108 | D:15     | Identified a cursed +0 robe
 26108 | D:15     | Identified a +0 giant club
 26108 | D:15     | Identified a +0 giant club
 26120 | D:15     | Identified a +0 robe
 26121 | D:15     | Reached skill level 10 in Fighting
 26121 | D:15     | Reached skill level 12 in Shields
 26121 | D:15     | Identified a +0 dire flail
 26121 | D:15     | Identified a +0 giant club
 26125 | D:15     | Identified a +0 giant club
 26126 | D:15     | HP: 28/115 [ogre mage/bolt of lightning (27)]
 26129 | D:15     | Identified a +0 giant club
 26129 | D:15     | Identified a +0 dire flail
 26136 | D:15     | Paralysed by an ogre mage for 2 turns
 26141 | D:15     | HP: 28/115 [two-headed ogre/+0 dire flail (15)]
 26164 | D:14     | HP: 23/115 [two-headed ogre/+0 dire flail (9)]
 26516 | D:15     | Identified a +2 long sword of electrocution
 26544 | D:15     | Identified a +0 giant club
 26544 | D:15     | Identified a +0 giant club
 26558 | D:15     | Reached skill level 9 in Armour
 26755 | D:15     | Reached skill level 7 in Evocations
 27014 | Spider:1 | Entered Level 1 of the Spider Nest
 27489 | Spider:1 | Reached skill level 15 in Invocations
 27654 | Spider:1 | Reached skill level 9 in Dodging
 28144 | Spider:2 | You fall into a shaft and drop 1 floor!
 28412 | Spider:3 | Gained mutation: Your magical and physical power is
                  | slightly enhanced at high health. [demonic ancestry]
 28412 | Spider:3 | Reached XP level 16. HP: 67/123 MP: 7/27
 28786 | Spider:3 | Identified a +1 helmet (You found it on level 3 of the
                  | Spider Nest)
 28817 | Spider:3 | Noticed an entropy weaver
 28826 | Spider:3 | Banished an entropy weaver
 29376 | Spider:3 | Identified a potion of cancellation
 29377 | Spider:3 | Identified a scroll of silence
 29378 | Spider:3 | Identified a scroll of torment
 29379 | Spider:3 | Identified a scroll of brand weapon
 29396 | Spider:4 | Entered Level 4 of the Spider Nest
 29436 | Spider:2 | Noticed an entropy weaver
 29445 | Spider:2 | Killed an entropy weaver
 29591 | Spider:4 | Identified a +0 dagger
 29591 | Spider:4 | Identified a +0 robe
 29617 | Spider:4 | Found a transporter.
 29629 | Spider:4 | Found a transporter.
 29650 | Spider:4 | Found a one-way gate to the infinite horrors of the Abyss.
 29650 | Spider:4 | Noticed Enish's ghost (adept MiBe)
 29664 | Spider:4 | Noticed a tentacled starspawn
 29667 | Spider:4 | Identified a +2 scimitar of electrocution (You found it on
                  | level 4 of the Spider Nest)
 30023 | Spider:4 | Reached skill level 13 in Long Blades
 30208 | Spider:4 | Reached skill level 1 in Throwing
 30484 | Spider:4 | Reached skill level 8 in Evocations
 30595 | Spider:4 | Reached skill level 16 in Invocations
 30711 | Spider:4 | Identified an amulet of regeneration (You found it on level
                  | 4 of the Spider Nest)
 30749 | Spider:4 | Got a gossamer rune of Zot
 30963 | Spider:4 | Noticed an Executioner
 30991 | Spider:4 | Banished a tentacled starspawn
 30991 | Spider:4 | Reached skill level 13 in Shields
 31003 | Spider:4 | HP: 24/99 [Enish's ghost (4)]
 31334 | Spider:2 | Identified a +0 war axe
 31334 | Spider:2 | Identified a +4 chain mail of fire resistance
 31334 | Spider:2 | Identified a +0 kite shield
 31334 | Spider:2 | Noticed Donald
 31345 | Spider:2 | Banished Donald
 31574 | Shoals:1 | Entered Level 1 of the Shoals
 31574 | Shoals:1 | Identified a +0 trident
 31579 | Shoals:1 | Reached skill level 2 in Throwing
 31623 | Shoals:1 | Identified a +0 trident
 31745 | Shoals:1 | HP: 28/124 [alligator snapping turtle (20)]
 32081 | Shoals:1 | Identified a +1 vorpal shortbow
 32091 | Shoals:1 | Found Gakhlairi's Food Emporium.
 32168 | Shoals:1 | Identified a +2 trident of venom
 32278 | Shoals:2 | Identified a +0 trident
 32349 | Shoals:2 | Found Fuwutij's Gadget Emporium.
 32361 | Shoals:2 | Identified a +0 trident
 32601 | Shoals:2 | Identified a +1 vorpal trident
 32603 | Shoals:2 | Identified a +0 spear
 32605 | Shoals:2 | Identified a +0 trident
 32610 | Shoals:2 | Identified a +2 trident of protection
 32610 | Shoals:2 | Identified a +0 robe
 32671 | Shoals:2 | Identified a +0 trident
 32683 | Shoals:2 | Identified a cursed -3 trident
 32687 | Shoals:2 | Identified a +4 rapier of venom
 32687 | Shoals:2 | Identified a +0 robe
 32694 | Shoals:2 | Identified a +0 trident
 32702 | Shoals:2 | Identified a +4 spear of flaming
 32702 | Shoals:2 | Identified a +0 leather armour
 32702 | Shoals:2 | Identified a +0 club
 32702 | Shoals:2 | Identified a +0 longbow
 32718 | Shoals:2 | Identified a +0 trident
 33022 | Shoals:2 | Bought a wand of acid (10) for 364 gold pieces
 33034 | Shoals:2 | Identified a +0 trident
 33034 | Shoals:2 | Identified a +0 leather armour
 33264 | Shoals:2 | Identified a +0 trident
 33358 | Shoals:2 | Identified a +0 trident
 33631 | Shoals:3 | Identified a +0 trident
 33703 | Shoals:3 | Identified a +0 trident
 33741 | Shoals:3 | Identified a +0 trident
 33783 | Shoals:3 | Identified a +0 quarterstaff
 33783 | Shoals:3 | Identified a +0 hunting sling
 33788 | Shoals:3 | Identified a +0 spear
 33788 | Shoals:3 | Identified a +0 hunting sling
 33791 | Shoals:3 | Identified a +0 trident
 33869 | Shoals:3 | Identified a +0 trident
 33929 | Shoals:3 | Reached XP level 17. HP: 122/130 MP: 26/29
 33945 | Shoals:3 | Identified a +5 vorpal eveningstar
 33945 | Shoals:3 | Identified a +0 chain mail
 33945 | Shoals:3 | Identified a +0 tower shield
 33945 | Shoals:3 | Noticed Louise
 33954 | Shoals:3 | Killed Louise
 33954 | Shoals:3 | Reached skill level 11 in Fighting
 34045 | Shoals:3 | Identified a +2 demon trident of venom
 34045 | Shoals:3 | Identified a +0 robe
 34045 | Shoals:3 | Noticed Mara
 34056 | Shoals:3 | Noticed lepoulpe303's illusion
 34098 | Shoals:3 | HP: 21/131 [Mara/bolt of fire (13)]
 34498 | Shoals:3 | Banished Mara
 34527 | Shoals:3 | Identified a +0 trident
 34612 | Shoals:3 | Identified a +0 spear
 34612 | Shoals:3 | Identified a +0 glaive
 34612 | Shoals:3 | Identified a +0 spear
 34613 | Shoals:3 | Identified a +0 trident
 34613 | Shoals:3 | Identified a +0 leather armour
 34613 | Shoals:3 | Identified a +0 trident
 34651 | Shoals:3 | Reached skill level 10 in Armour
 34667 | Shoals:3 | Identified a ring of intelligence (You found it on level 3
                  | of the Shoals)
 34853 | Shoals:4 | Entered Level 4 of the Shoals
 35068 | Shoals:4 | Reached skill level 3 in Throwing
 35193 | Shoals:4 | Identified a +0 spear
 35194 | Shoals:4 | Identified a +0 spear
 35194 | Shoals:4 | Identified a +0 leather armour
 35195 | Shoals:4 | Identified a +2 rapier of venom
 35195 | Shoals:4 | Identified a cursed +0 robe
 35196 | Shoals:4 | Identified a +2 trident of freezing
 35196 | Shoals:4 | Identified a +0 robe
 35196 | Shoals:4 | Noticed Ilsuiw
 35196 | Shoals:4 | Identified a +0 spear
 35197 | Shoals:4 | Identified a +0 spear
 35198 | Shoals:4 | Identified a +0 spear
 35206 | Shoals:4 | HP: 31/131 [drowned by a water elemental[Ilsuiw] (4)]
 35207 | Shoals:4 | HP: 13/131 [merfolk javelineer/javelin (8)]
 35208 | Shoals:4 | HP: 6/131 [drowned by a water elemental[Ilsuiw] (7)]
 35213 | Shoals:4 | HP: 3/131 [drowned by a water elemental[Ilsuiw] (8)]
 35217 | Shoals:4 | Identified a +0 trident
 35218 | Shoals:4 | HP: 10/131 [something (1)]
 35223 | Shoals:4 | HP: 25/131 [drowned by a water elemental[Ilsuiw] (4)]
 35223 | Shoals:4 | Found Togiemem's Assorted Antiques.
 35540 | Shoals:4 | Identified a +0 trident
 35541 | Shoals:4 | Identified a +0 trident
 35541 | Shoals:4 | Identified a +0 robe
 35541 | Shoals:4 | Identified a +3 trident
 35541 | Shoals:4 | Identified a +0 trident
 35577 | Shoals:4 | Identified a +0 rapier
 35577 | Shoals:4 | Identified a +0 robe
 35577 | Shoals:4 | Identified a +0 spear of venom
 35577 | Shoals:4 | Identified a +0 leather armour
 35581 | Shoals:4 | Identified a +2 trident of flaming
 35581 | Shoals:4 | Identified a +0 leather armour
 35581 | Shoals:4 | Identified a +0 rapier
 35581 | Shoals:4 | Identified a +0 robe
 35581 | Shoals:4 | Identified a +5 spear of freezing
 35581 | Shoals:4 | Identified a +0 leather armour
 35591 | Shoals:4 | Corrupted Shoals:4
 35591 | Shoals:4 | Noticed a lich
 35591 | Shoals:4 | Noticed a bone dragon
 35597 | Shoals:4 | Identified a +0 long sword
 35597 | Shoals:4 | Identified a +0 arbalest
 35597 | Shoals:4 | Identified a +0 scale mail
 35597 | Shoals:4 | Identified a +2 trident of venom
 35597 | Shoals:4 | Identified a +0 leather armour
 35599 | Shoals:4 | Identified a +0 great mace
 35599 | Shoals:4 | Identified a +0 ring mail
 35601 | Shoals:4 | HP: 30/131 [merfolk javelineer/javelin (5)]
 35605 | Shoals:4 | Noticed a tentacled monstrosity
 35605 | Shoals:4 | Noticed a lich
 35606 | Shoals:4 | Identified a +0 flail
 35606 | Shoals:4 | Identified a +0 ring mail
 35617 | Shoals:4 | HP: 19/131 [merfolk/+0 trident (3)]
 35652 | Shoals:4 | HP: 25/131 [snapping turtle (8)]
 35715 | Shoals:4 | Identified the cursed +3 long sword of the Elven Halls
                  | {protect, Str+3 Stlth+}
 35715 | Shoals:4 | Identified a +0 leather armour
 35732 | Shoals:4 | HP: 28/131 [merfolk javelineer/silver javelin (7)]
 35741 | Shoals:4 | HP: 27/131 [sea snake (7)]
 35743 | Shoals:4 | HP: 11/131 [sea snake (11)]
 35746 | Shoals:4 | HP: 5/131 [poisoned by a sea snake]
 35751 | Shoals:4 | HP: 21/131 [poisoned by a sea snake]
 35756 | Shoals:4 | HP: 27/131 [poisoned by a sea snake]
 35761 | Shoals:4 | HP: 29/131 [poisoned by a sea snake]
 35766 | Shoals:4 | HP: 27/131 [poisoned by a sea snake]
 35771 | Shoals:4 | HP: 27/131 [poisoned by a sea snake]
 35778 | Shoals:4 | HP: 27/131 [poisoned by a sea snake]
 35786 | Shoals:4 | HP: 27/131 [poisoned by a sea snake]
 35976 | Shoals:4 | Identified a +0 club
 35976 | Shoals:4 | Identified a +0 longbow
 36243 | Shoals:4 | Killed Ilsuiw
 36455 | Shoals:4 | Identified a +0 trident
 36466 | Shoals:4 | Reached skill level 10 in Dodging
 36589 | Shoals:4 | Got a barnacled rune of Zot
 36617 | Shoals:4 | Reached skill level 17 in Invocations
 36669 | Shoals:4 | Identified a +0 trident
 36685 | Shoals:4 | Identified a +2 spear of freezing
 36685 | Shoals:4 | Identified a +0 leather armour
 36847 | Shoals:4 | Identified a +0 spear
 36900 | Shoals:4 | Bought a scroll of teleportation for 102 gold pieces
 37009 | Shoals:4 | Bought a runed cloak for 255 gold pieces
 37014 | Shoals:4 | Identified a +1 cloak (You bought it in a shop on level 4
                  | of the Shoals)
 37105 | Shoals:1 | Identified a +0 trident
 37105 | Shoals:1 | Identified an uncursed amulet of guardian spirit
 37252 | Vaults:1 | Entered Level 1 of the Vaults
 37321 | Vaults:1 | Identified a +0 flail of protection
 37321 | Vaults:1 | Identified a +0 ring mail
 37410 | Vaults:1 | Identified a +0 morningstar
 37410 | Vaults:1 | Identified a +0 scale mail
 37441 | Vaults:1 | Identified a +0 giant spiked club
 37441 | Vaults:1 | Identified a +0 giant club
 37653 | Vaults:1 | Identified a +0 longbow
 37795 | Vaults:1 | Identified a +0 morningstar
 37795 | Vaults:1 | Identified a +0 ring mail
 37802 | Vaults:1 | Identified a +0 long sword
 37802 | Vaults:1 | Identified a +0 leather armour
 37802 | Vaults:1 | Identified a +0 shortbow
 37802 | Vaults:1 | Identified a +0 scimitar
 37802 | Vaults:1 | Identified a +0 buckler
 37802 | Vaults:1 | Identified a +0 long sword
 37802 | Vaults:1 | Identified a +0 short sword
 37802 | Vaults:1 | Identified a +0 shortbow
 37802 | Vaults:1 | Identified a +0 leather armour
 37802 | Vaults:1 | Identified a +0 falchion
 37802 | Vaults:1 | Identified a +0 arbalest
 37802 | Vaults:1 | Identified a +0 scale mail
 37814 | Vaults:1 | Reached skill level 9 in Evocations
 37831 | Vaults:1 | Identified a +0 giant club
 37831 | Vaults:1 | Identified a +0 giant club
 37835 | Vaults:1 | Identified a +0 long sword
 37837 | Vaults:1 | Identified a +0 giant club
 37843 | Vaults:1 | Identified a +0 morningstar
 37843 | Vaults:1 | Identified a +0 leather armour
 37844 | Vaults:1 | Identified a +0 halberd
 37844 | Vaults:1 | Identified a cursed +0 robe
 37848 | Vaults:1 | Identified a +0 giant club
 37848 | Vaults:1 | Identified a +0 giant spiked club
 37849 | Vaults:1 | Identified a +0 rapier
 37849 | Vaults:1 | Noticed a deep elf demonologist
 37849 | Vaults:1 | Identified a +0 giant spiked club
 37849 | Vaults:1 | Identified a +0 giant club
 37850 | Vaults:1 | Noticed a Tzitzimitl
 37874 | Vaults:1 | HP: 27/131 [???[an ironheart preserver] (18)]
 38219 | Vaults:1 | Killed a deep elf demonologist
 38264 | Vaults:1 | Reached skill level 14 in Long Blades
 38376 | Vaults:1 | Identified a +0 shortbow
 38427 | Vaults:1 | Identified a +0 great mace
 38427 | Vaults:1 | Identified a +0 ring mail
 38430 | Vaults:1 | Identified a +0 shortbow
 38430 | Vaults:1 | Identified a +0 arbalest
 38430 | Vaults:1 | Identified a +1 glaive
 38430 | Vaults:1 | Identified a +0 chain mail
 38430 | Vaults:1 | Identified a cursed -2 trident
 38430 | Vaults:1 | Identified a +0 robe
 38431 | Vaults:1 | Identified a +0 arbalest
 38452 | Vaults:1 | Reached skill level 4 in Throwing
 38491 | Vaults:1 | Identified a +0 dire flail
 38491 | Vaults:1 | Identified a +0 scale mail
 38498 | Vaults:1 | Identified a +0 falchion
 38498 | Vaults:1 | Identified a +0 arbalest
 38498 | Vaults:1 | Identified a +0 ring mail
 38499 | Vaults:1 | Identified a +0 arbalest
 38499 | Vaults:1 | Identified a +0 morningstar
 38499 | Vaults:1 | Identified a +0 scale mail
 38537 | Vaults:1 | Identified a +5 dire flail of protection
 38537 | Vaults:1 | Identified a +0 leather armour
 38685 | Vaults:1 | Identified a +0 troll leather armour
 38686 | Vaults:1 | Identified a +0 mace
 38686 | Vaults:1 | Identified a +0 ring mail
 38713 | Vaults:1 | Reached XP level 18. HP: 103/138 MP: 22/30
 39151 | Vaults:1 | Identified a +0 long sword
 39151 | Vaults:1 | Identified a +0 robe
 39186 | Vaults:1 | Identified +0 ice dragon scales
 39441 | Vaults:1 | Identified +0 ice dragon scales
 39511 | Vaults:2 | Identified a cursed -3 great sword
 39511 | Vaults:2 | Identified a +0 chain mail
 39511 | Vaults:2 | Identified a cursed -3 halberd
 39511 | Vaults:2 | Identified a +0 plate armour
 39511 | Vaults:2 | Identified a +0 short sword
 39511 | Vaults:2 | Identified a +2 plate armour of fire resistance
 39511 | Vaults:2 | Identified a +0 dagger
 39511 | Vaults:2 | Identified a cursed +0 robe
 39572 | Vaults:2 | Identified a +0 arbalest
 39605 | Vaults:2 | Identified a ring of slaying (You found it on level 2 of
                  | the Vaults)
 39616 | Vaults:2 | Identified a +0 dire flail
 39616 | Vaults:2 | Identified a +0 halberd
 39616 | Vaults:2 | Identified a +0 war axe
 39616 | Vaults:2 | Identified a +0 flail
 39619 | Vaults:2 | Identified a +0 glaive
 39640 | Vaults:2 | Reached skill level 14 in Shields
 39723 | Vaults:2 | Identified a cursed -3 short sword
 39790 | Vaults:2 | Identified a +0 scimitar
 39790 | Vaults:2 | Identified a +0 leather armour
 39790 | Vaults:2 | Identified a +0 dagger
 39790 | Vaults:2 | Identified a +0 leather armour
 39790 | Vaults:2 | Identified a +0 dire flail
 39790 | Vaults:2 | Identified a +4 long sword of draining
 39790 | Vaults:2 | Identified a +0 ring mail
 39790 | Vaults:2 | Identified a +0 scimitar
 39804 | Vaults:2 | Identified a +0 long sword
 39804 | Vaults:2 | Identified a cursed +0 chain mail
 39806 | Vaults:2 | Identified a +4 rapier
 39814 | Vaults:2 | Identified a +0 trident
 39814 | Vaults:2 | Identified a +0 chain mail
 39816 | Vaults:2 | Identified a +0 flail
 39816 | Vaults:2 | Identified a +0 chain mail
 39987 | Vaults:2 | Paralysed by a hornet for 1 turns
 40017 | Vaults:2 | Identified a +0 shortbow
 40018 | Vaults:2 | Identified a +0 shortbow
 40018 | Vaults:2 | Identified a +0 shortbow
 40018 | Vaults:2 | Identified a +1 shortbow of flaming
 40136 | Vaults:2 | Identified a +0 great mace
 40136 | Vaults:2 | Identified a +0 chain mail
 40142 | Vaults:2 | Identified a +0 battleaxe
 40142 | Vaults:2 | Identified a cursed +0 chain mail
 40143 | Vaults:2 | Identified a +1 war axe
 40143 | Vaults:2 | Identified a +0 chain mail
 40145 | Vaults:2 | Identified a +3 great sword
 40145 | Vaults:2 | Identified a +0 chain mail
 40146 | Vaults:2 | Identified a +0 long sword
 40146 | Vaults:2 | Identified a +0 ring mail
 40147 | Vaults:2 | Identified a +2 long sword
 40147 | Vaults:2 | Identified a +0 plate armour
 40391 | Vaults:2 | HP: 20/139 [soul eater/drain life (15)]
 40851 | Vaults:2 | Identified a +0 great mace
 40851 | Vaults:2 | Identified a +0 ring mail
 40854 | Vaults:2 | Identified a +0 short sword
 40854 | Vaults:2 | Identified a +0 shortbow
 40854 | Vaults:2 | Identified a +0 leather armour
 40854 | Vaults:2 | Identified a +0 dagger
 40854 | Vaults:2 | Identified a +1 vorpal shortbow
 40854 | Vaults:2 | Identified a +0 leather armour
 40854 | Vaults:2 | Identified a +0 rapier
 40856 | Vaults:2 | Identified a +0 rapier of freezing
 40858 | Vaults:2 | Identified a +3 long sword
 40858 | Vaults:2 | Identified a +0 chain mail
 40858 | Vaults:2 | Identified a +0 dagger
 40858 | Vaults:2 | Identified a +0 leather armour
 40859 | Vaults:2 | Identified a +0 long sword
 40859 | Vaults:2 | Identified a +0 leather armour
 40863 | Vaults:2 | Identified a +3 dagger of flaming
 40863 | Vaults:2 | Identified a +0 robe
 40874 | Vaults:2 | Identified a +0 long sword
 40874 | Vaults:2 | Identified a +0 scale mail
 40877 | Vaults:2 | Identified a +1 halberd of protection
 40877 | Vaults:2 | Identified a +0 chain mail
 40882 | Vaults:2 | Identified a cursed +0 broad axe
 40882 | Vaults:2 | Identified a +0 chain mail
 40882 | Vaults:2 | Identified a +0 tower shield
 40884 | Vaults:2 | Identified a +0 halberd
 40884 | Vaults:2 | Identified a cursed +0 plate armour
 40889 | Vaults:2 | Identified a +0 arbalest
 40889 | Vaults:2 | Identified a +0 arbalest
 40889 | Vaults:2 | Identified a +0 flail
 40889 | Vaults:2 | Identified a +0 scale mail
 41484 | Vaults:2 | Identified a +0 dagger
 41484 | Vaults:2 | Identified a +0 robe
 41487 | Vaults:2 | Reached skill level 18 in Invocations
 41495 | Vaults:2 | Identified a +0 falchion
 41495 | Vaults:2 | Identified a cursed -1 arbalest
 41495 | Vaults:2 | Identified a +0 ring mail
 41495 | Vaults:2 | Identified a +3 war axe
 41495 | Vaults:2 | Identified a +0 chain mail
 41495 | Vaults:2 | Identified a +0 dire flail
 41495 | Vaults:2 | Identified a +0 ring mail
 41496 | Vaults:2 | Identified a +0 great sword
 41496 | Vaults:2 | Identified a +0 plate armour
 41532 | Vaults:2 | Identified a +0 arbalest
 41534 | Vaults:2 | Identified a +0 arbalest
 41536 | Vaults:2 | Identified a +2 arbalest of flaming
 41579 | Vaults:2 | Reached skill level 5 in Throwing
 41829 | Vaults:2 | Noticed a curse skull
 41844 | Vaults:2 | HP: 33/140 [??? (20)]
 41887 | Vaults:2 | Identified a cursed +3 scimitar
 41887 | Vaults:2 | Identified a +0 robe
 42223 | Vaults:2 | Found a staircase to the Crypt.
 42328 | Vaults:3 | Identified a +0 dagger
 42328 | Vaults:3 | Identified a +0 leather armour
 42329 | Vaults:3 | Identified a +0 short sword
 42329 | Vaults:3 | Identified a -2 shortbow
 42329 | Vaults:3 | Identified a +0 leather armour
 42333 | Vaults:3 | Identified a +0 vampiric falchion
 42333 | Vaults:3 | Identified a +0 ring mail
 42361 | Vaults:3 | HP: 17/140 [crystal guardian/crystal bolt (29)]
 42362 | Vaults:3 | Identified a +0 great sword
 42362 | Vaults:3 | Identified a +0 plate armour
 42365 | Vaults:2 | HP: 4/140 [crystal guardian/crystal bolt (32)]
 42734 | Vaults:3 | Identified a +0 arbalest
 42735 | Vaults:3 | Identified a +0 dagger
 42735 | Vaults:3 | Identified a +0 robe
 42736 | Vaults:3 | Identified a +0 arbalest
 42736 | Vaults:3 | Identified a +0 arbalest
 42737 | Vaults:3 | Identified a +0 arbalest
 42741 | Vaults:3 | Identified a +1 mace of protection
 42741 | Vaults:3 | Identified a cursed +0 plate armour
 42778 | Vaults:3 | Identified a +0 dire flail
 42778 | Vaults:3 | Identified a cursed +0 chain mail
 42778 | Vaults:3 | Identified a +0 hand axe
 42778 | Vaults:3 | Identified a +0 ring mail
 42778 | Vaults:3 | Identified a +0 dagger
 42778 | Vaults:3 | Identified a +0 robe
 42780 | Vaults:3 | Identified a +0 war axe
 42780 | Vaults:3 | Identified a +0 chain mail
 42839 | Vaults:3 | Identified a +0 dire flail
 42839 | Vaults:3 | Identified a +0 leather armour
 42855 | Vaults:3 | Identified a +0 troll leather armour
 42890 | Vaults:3 | Identified a +1 great mace of holy wrath
 42890 | Vaults:3 | Identified a +0 plate armour
 42890 | Vaults:3 | Identified a +0 flail
 42890 | Vaults:3 | Identified a +0 leather armour
 42890 | Vaults:3 | Identified a +0 long sword
 42890 | Vaults:3 | Identified a cursed +0 ring mail
 42907 | Vaults:3 | Identified a +0 dagger
 42907 | Vaults:3 | Identified a +0 longbow
 42907 | Vaults:3 | Identified a +0 leather armour
 42908 | Vaults:3 | Identified a +0 rapier
 42912 | Vaults:3 | Identified a +0 trident
 42912 | Vaults:3 | Identified a +0 robe
 42912 | Vaults:3 | Identified a +0 dagger
 42912 | Vaults:3 | Identified a +1 shortbow of freezing
 42912 | Vaults:3 | Identified a +0 leather armour
 42967 | Vaults:3 | Reached skill level 12 in Fighting
 43098 | Vaults:3 | Identified a +0 whip
 43098 | Vaults:3 | Identified a +0 morningstar
 43098 | Vaults:3 | Identified a +0 scale mail
 43098 | Vaults:3 | Identified a +0 dagger
 43105 | Vaults:3 | Identified a +0 battleaxe
 43105 | Vaults:3 | Identified a +0 chain mail
 43107 | Vaults:3 | Identified a +0 long sword
 43107 | Vaults:3 | Identified a +0 leather armour
 43107 | Vaults:3 | Identified a +0 dagger
 43107 | Vaults:3 | Identified a cursed +0 robe
 43111 | Vaults:3 | Identified a +0 morningstar
 43111 | Vaults:3 | Identified a +0 scale mail
 43116 | Vaults:3 | Identified a +0 giant club
 43122 | Vaults:3 | Identified a +0 long sword
 43122 | Vaults:3 | Identified a +0 flail
 43122 | Vaults:3 | Identified a +0 chain mail
 43122 | Vaults:3 | Identified a +0 dire flail
 43122 | Vaults:3 | Identified a +0 plate armour
 43123 | Vaults:3 | Identified a +0 arbalest
 43123 | Vaults:3 | Identified a +0 giant club
 43128 | Vaults:3 | Identified a +0 club
 43157 | Vaults:3 | Reached skill level 11 in Armour
 43196 | Vaults:3 | Identified a +0 club
 43196 | Vaults:3 | Identified a +0 leather armour
 43258 | Vaults:3 | Identified a +1 demon blade of venom (You found it on level
                  | 3 of the Vaults)
 43652 | Shoals:4 | Bought a scroll of brand weapon for 680 gold pieces
 43986 | Vaults:3 | Identified a +0 giant spiked club
 44026 | Vaults:3 | Identified a +0 dire flail of holy wrath
 44026 | Vaults:3 | Identified a +0 chain mail
 44026 | Vaults:3 | Identified a +0 giant spiked club
 44026 | Vaults:3 | Identified a +0 giant club
 44026 | Vaults:3 | Identified a +0 arbalest
 44026 | Vaults:3 | Identified a +0 arbalest
 44030 | Vaults:3 | Identified a +0 giant club
 44035 | Vaults:3 | Identified a cursed -2 giant club
 44035 | Vaults:3 | Identified a +0 giant club
 44036 | Vaults:3 | Identified a +0 robe
 44040 | Vaults:3 | Identified a +0 giant club
 44040 | Vaults:3 | Identified a +0 giant club
 44046 | Vaults:3 | Reached skill level 10 in Evocations
 44106 | Vaults:3 | Found a runed translucent gate.
 44106 | Vaults:3 | Found a runed translucent gate.
 44106 | Vaults:3 | Found a runed translucent gate.
 44107 | Vaults:3 | Found an opulent altar of Gozag.
 44107 | Vaults:3 | Found Somno's Assorted Antiques.
 44107 | Vaults:3 | Identified a +0 dire flail
 44107 | Vaults:3 | Identified a +0 dire flail
 44107 | Vaults:3 | Identified a +0 dire flail
 44107 | Vaults:3 | Identified a +0 ring mail
 44108 | Vaults:3 | Noticed royokou's ghost (veteran MiFi)
 44108 | Vaults:3 | Identified a cursed -2 morningstar
 44108 | Vaults:3 | Identified a cursed +0 scale mail
 44108 | Vaults:3 | Identified a +0 rapier
 44108 | Vaults:3 | Identified a +0 leather armour
 44122 | Vaults:3 | Identified a +0 arbalest
 44160 | Vaults:3 | Identified a +0 whip
 44172 | Vaults:3 | Identified a +0 long sword
 44172 | Vaults:3 | Identified a +0 leather armour
 44172 | Vaults:3 | Identified a cursed -1 rapier
 44173 | Vaults:3 | Identified a +0 short sword
 44173 | Vaults:3 | Identified a +0 leather armour
 44209 | Vaults:3 | Identified a +0 glaive
 44209 | Vaults:3 | Identified a +0 arbalest
 44209 | Vaults:3 | Identified a +0 plate armour
 44210 | Vaults:3 | Identified a +3 short sword of holy wrath
 44224 | Vaults:3 | Identified a +3 halberd
 44224 | Vaults:3 | Identified a +0 chain mail
 44224 | Vaults:3 | Identified a +0 long sword
 44224 | Vaults:3 | Identified a +0 ring mail
 44224 | Vaults:3 | Identified a +0 giant club
 44224 | Vaults:3 | Identified a +0 giant club
 44224 | Vaults:3 | Identified a +2 scimitar of holy wrath
 44224 | Vaults:3 | Identified a +0 scale mail
 44224 | Vaults:3 | Identified a +0 buckler
 44225 | Vaults:3 | Identified a +0 morningstar
 44225 | Vaults:3 | Identified a +0 ring mail
 44225 | Vaults:3 | Identified a +0 flail
 44225 | Vaults:3 | Identified a +0 leather armour
 44225 | Vaults:3 | Identified a +0 falchion
 44225 | Vaults:3 | Identified a +0 arbalest
 44225 | Vaults:3 | Identified a +0 scale mail
 44225 | Vaults:3 | Identified a +0 flail
 44225 | Vaults:3 | Identified a +0 ring mail
 44225 | Vaults:3 | Identified a +0 dire flail
 44225 | Vaults:3 | Identified a +0 leather armour
 44225 | Vaults:3 | Identified a +0 short sword
 44225 | Vaults:3 | Identified a +0 robe
 44225 | Vaults:3 | Identified a +0 giant club
 44225 | Vaults:3 | Identified a +0 giant club
 44225 | Vaults:3 | Identified a +0 giant spiked club
 44225 | Vaults:3 | Identified a +0 great mace
 44227 | Vaults:3 | Identified a +1 short sword of protection
 44227 | Vaults:3 | Identified a +0 buckler
 44231 | Vaults:3 | Identified a +0 rapier
 44231 | Vaults:3 | Noticed a deep elf demonologist
 44231 | Vaults:3 | Identified a +4 short sword
 44231 | Vaults:3 | Identified a +0 chain mail
 44237 | Vaults:3 | Reached XP level 19. HP: 146/146 MP: 32/32
 44238 | Vaults:3 | Killed a deep elf demonologist
 44264 | Vaults:3 | Identified a +0 arbalest
 44270 | Vaults:3 | Reached skill level 11 in Dodging
 44329 | Vaults:3 | Identified a +0 war axe
 44329 | Vaults:3 | Identified a +0 ring mail
 44329 | Vaults:3 | Identified a +2 buckler
 44333 | Vaults:3 | Identified a +1 great sword of electrocution
 44333 | Vaults:3 | Identified a +3 scale mail of cold resistance
 44333 | Vaults:3 | Noticed Sojobo
 44340 | Vaults:3 | Identified a +0 halberd
 44340 | Vaults:3 | Identified a +0 ring mail
 44366 | Vaults:3 | HP: 23/146 [Sojobo/+1 great sword of electrocution (14)]
 44368 | Vaults:3 | Slain by a tengu reaver

Table legend:
 A = Turns spent in this place as a percentage of turns spent in the entire game.
 B = Non-inter-level travel turns spent in this place as a percentage of non-inter-level travel turns spent in the entire game.
 C = Inter-level travel turns spent in this place as a percentage of turns spent in this place.
 D = Turns resting spent in this place as a percentage of non-inter-level travel turns spent in this place.
 E = Turns spent auto-exploring this place as a percentage of non-inter-level travel turns spent in this place.
 F = Non-inter-level travel turns spent in this place divided by the number of levels of this place that you've seen.
                   A       B       C       D       E      F
               +-------+-------+-------+-------+-------+----------------------
         Total | 100.0 | 100.0 |   6.7 |  24.0 |  45.4 | 1118.9
       Dungeon |  37.8 |  37.5 |   7.5 |  21.0 |  52.4 | 1034.7
          Lair |  19.6 |  19.0 |   9.2 |  29.4 |  47.7 | 1313.7
        Shoals |  12.3 |  12.0 |   9.0 |  32.7 |  35.5 | 1241.0
   Spider Nest |   9.7 |  10.2 |   2.4 |  24.3 |  39.0 | 1052.5
  Orcish Mines |   5.0 |   5.2 |   4.1 |   9.8 |  55.5 | 1068.0
        Vaults |  14.0 |  14.4 |   3.8 |  23.8 |  34.6 | 1989.0
         Abyss |   0.1 |   0.1 |   0.0 |   0.0 |   0.0 |  20.5
      Ice Cave |   1.5 |   1.6 |   0.0 |  10.6 |  34.3 | 680.0
               +-------+-------+-------+-------+-------+----------------------

Table legend:
 A = Kills in this place as a percentage of kills in entire the game.
 B = Kills by you in this place as a percentage of kills by you in the entire game.
 C = Kills by friends in this place as a percentage of kills by friends in the entire game.
 D = Other kills in this place as a percentage of other kills in the entire game.
 E = Experience gained in this place as a percentage of experience gained in the entire game.
 F = Experience gained in this place divided by the number of levels of this place that you have seen.
                   A       B       C       D       E      F
               +-------+-------+-------+-------+-------+----------------------
         Total | 100.0 | 100.0 |   N/A | 100.0 | 100.0 | 10584.4
       Dungeon |  38.9 |  41.1 |   N/A |  28.3 |  16.3 | 4267.7
          Lair |  10.2 |   8.7 |   N/A |  17.0 |   9.4 | 6107.3
        Shoals |   8.9 |   7.8 |   N/A |  13.9 |  15.1 | 14818.2
   Spider Nest |  13.5 |  13.0 |   N/A |  16.1 |  17.4 | 17010.2
  Orcish Mines |   9.5 |   9.1 |   N/A |  11.2 |   4.9 | 9690.5
        Vaults |  16.3 |  18.6 |   N/A |   5.4 |  34.6 | 45145.3
      Ice Cave |   2.8 |   1.7 |   N/A |   8.1 |   2.3 | 8834.0
               +-------+-------+-------+-------+-------+----------------------

Skill      XL: |  1  2  3  4  5  6  7  8  9 10 11 12 13 14 15 16 17 18 19 |
---------------+----------------------------------------------------------+-----
Long Blades    | 2 3 4 5 7 8 9 10 11 12 13 14 | 14.0
Dodging        | 1 2 3 4 5 6 7 8 9 10 11 | 11.0
Armour         | 2 3 4 5 6 7 8 9 10 11 | 11.1
Invocations    | 3 4 5 7 8 9 11 12 14 15 16 17 18 | 18.7
Shields        | 1 2 3 5 6 7 8 9 10 11 12 13 14 | 14.8
Fighting       | 4 5 6 7 8 9 10 11 12 | 12.2
Evocations     | 2 3 5 6 7 8 9 10 | 10.2
Throwing       | 2 4 5 |  5.8

Action                   |  1- 3 |  4- 6 |  7- 9 | 10-12 | 13-15 | 16-18 | 19-21 || total
-------------------------+-------+-------+-------+-------+-------+-------+-------++-------
Melee: Falchion          |   106 |    64 |       |       |       |       |       ||   170
       Short sword       |       |   159 |   245 |    19 |    50 |       |       ||   473
       Kick              |       |    10 |    73 |   211 |   424 |       |       ||   718
       Long sword        |       |       |    70 |   772 |  1841 |  2134 |       ||  4817
       Unarmed           |       |       |       |    14 |    14 |       |       ||    28
       Demon blade       |       |       |       |       |       |    82 |    54 ||   136
Throw: Boomerang         |       |     1 |    18 |   159 |   285 |   322 |    16 ||   801
       Dart              |       |    42 |    99 |       |       |       |       ||   141
       Javelin           |       |       |       |       |       |    45 |       ||    45
Invok: Depart the Abyss  |     1 |       |       |       |       |       |       ||     1
       Bend Space        |       |       |       |     7 |     9 |     3 |       ||    19
       Corrupt           |       |       |       |       |       |     1 |       ||     1
 Abil: Evoke Invisibilit |       |       |       |       |     4 |     9 |     1 ||    14
Evoke: Wand              |       |       |       |    19 |    25 |    53 |     4 ||   101
       Tin of tremorston |       |       |       |       |     5 |    12 |     3 ||    20
       Lightning rod     |       |       |       |       |       |     8 |       ||     8
       Phial of floods   |       |       |       |       |       |     1 |     1 ||     2
  Use: Scroll            |     1 |     1 |     8 |    15 |    15 |    21 |       ||    61
       Potion            |       |       |     1 |     3 |     8 |    13 |     2 ||    27
 Stab: Paralysed         |       |       |       |    15 |    22 |     3 |       ||    40
       Invisible         |       |       |       |       |    10 |    21 |       ||    31
  Eat: Chunk             |     4 |     4 |    13 |    10 |    20 |    20 |       ||    71
       Ration            |       |       |       |     6 |     7 |    12 |       ||    25
Armor: Leather armour    |    10 |       |       |       |       |       |       ||    10
       Chain mail        |    55 |   136 |    15 |       |       |       |       ||   206
       Ice dragon scales |       |       |   104 |   304 |   493 |       |       ||   901
       Skin              |       |       |       |     2 |    16 |       |       ||    18
       Ring mail         |       |       |       |       |    11 |       |       ||    11
       Plate armour      |       |       |       |       |   363 |   978 |    34 ||  1375
Dodge: Dodged            |    52 |    62 |    71 |   209 |   718 |   517 |    22 ||  1651
Block: Tower shield      |       |       |   198 |   640 |  2270 |  2815 |    62 ||  5985
       Reflection        |       |       |       |       |    40 |   175 |     7 ||   222
       Rpst.: Falchion   |    15 |     7 |       |       |       |       |       ||    22
       Long sword        |       |       |     6 |    52 |   130 |    79 |       ||   267
       Demon blade       |       |       |       |       |       |     5 |     1 ||     6

Vanquished Creatures
  Jorgrun (Orc:2)
  Ilsuiw (Shoals:4)
  A fire giant (D:14)
  2 ghost moths (Spider:4)
  5 vault wardens
  Louise (Shoals:3)
  3 emperor scorpions
  8 ironheart preservers
  An entropy weaver (Spider:2)
  3 stone giants
  2 deep elf demonologists
  2 deep elf annihilators
  2 merfolk javelineers (Shoals:4)
  A spark wasp (Spider:4)
  A crystal guardian (Vaults:2)
  Josephine (Orc:1)
  A great orb of eyes (Vaults:2)
  A merfolk impaler (Shoals:3)
  2 ice dragons (Vaults:1)
  5 ogre magi
  2 yaktaur captains (Vaults:3)
  5 vault guards
  3 rakshasas
  5 hydras
  A catoblepas (D:14)
  2 merfolk avatars (Shoals:4)
  7 centaur warriors
  3 death knights
  A deep troll earth mage (Vaults:1)
  15 two-headed ogres
  2 satyrs
  A merfolk aquamancer (Shoals:2)
  An alligator snapping turtle (Shoals:1)
  A deep troll shaman (Vaults:1)
  A tengu warrior (D:12)
  2 orc high priests (Orc:2)
  2 death yaks (Lair:5)
  9 deep elf knights
  2 soul eaters (Vaults:2)
  Sonja (D:11)
  7 sea snakes
  8 skeletal warriors (Vaults:2)
  7 deep trolls
  A flayed ghost (D:12)
  A swamp dragon (Lair:6)
  3 deep elf archers (Vaults:3)
  Pikel (D:4)
  2 wizards
  9 ironbrand convokers
  10 orc knights
  3 orc sorcerers (Orc:2)
  11 wolf spiders
  8 deep elf magi
  An orb spider (shapeshifter) (Vaults:1)
  15 ugly things
  18 harpies
  10 orb spiders
  A worldbinder (Spider:4)
  3 cyclopes
  4 manticores
  A faun (Shoals:3)
  6 merfolk sirens
  2 moths of wrath
  8 vault sentinels
  6 water nymphs
  3 elephants
  Psyche (D:10)
  2 black mambas (Lair:5)
  2 torpor snails
  A centaur skeleton (D:15)
  2 gargoyles
  5 spiny frogs
  10 komodo dragons
  A kobold demonologist (D:14)
  An efreet (D:14)
  A komodo dragon (shapeshifter) (Vaults:1)
  12 yaktaurs
  4 freezing wraiths
  25 merfolk
  6 demonic crawlers
  22 jumping spiders
  2 meliai (D:15)
  5 polar bears (IceCv)
  8 trolls
  A wind drake (shapeshifter) (Vaults:3)
  13 hornets
  2 wind drakes
  A tyrant leech (Lair:6)
  3 blink frogs (Lair:5)
  13 slime creatures
  8 hippogriffs
  A centaur simulacrum (D:15)
  A dream sheep (shapeshifter) (Vaults:3)
  9 snapping turtles
  5 shadows
  7 wraiths
  4 water elementals
  2 wyverns
  22 tarantellas
  33 yaks
  52 redbacks
  2 hogs (D:12)
  4 basilisks
  A hungry ghost (D:11)
  2 golden eyes (shapeshifter)
  A yaktaur simulacrum (Vaults:1)
  3 steam dragons (Lair:6)
  5 vampire mosquitoes
  Edmund (D:4)
  5 wargs
  An acid dragon (Vaults:2)
  10 water moccasins
  14 porcupines
  9 ice beasts
  A black bear (D:11)
  30 orc warriors
  4 slaves (D:4)
  An eye of draining (D:15)
  A swamp drake (Lair:6)
  2 phantoms
  23 ogres
  12 wolves
  6 boggarts
  10 centaurs
  5 big kobolds
  6 crocodiles
  5 gnoll sergeants
  16 bullfrogs
  A wyvern zombie (D:13)
  15 killer bees
  2 scorpions
  6 wights
  4 electric eels
  4 howler monkeys
  5 crimson imps
  2 bullfrog zombies
  A human simulacrum (Vaults:1)
  A quasit (D:12)
  3 jellies
  17 orc priests
  6 hounds
  24 orc wizards
  2 bullfrog skeletons
  Terence (D:3)
  7 iguanas
  10 worker ants
  A hound zombie (D:8)
  2 hound skeletons
  Robin (D:3)
  8 gnolls
  18 adders
  4 shadow imps
  An adder zombie (D:9)
  An adder skeleton (D:8)
  4 worms (D:3)
  A dart slug (D:1)
  4 leopard geckos
  119 orcs
  2 ball pythons
  5 giant cockroaches
  15 goblins
  9 hobgoblins
  11 jackals
  20 kobolds
  3 quokkas
  4 bats
  7 frilled lizards
  A giant cockroach zombie (D:6)
  A jackal zombie (D:6)
  A leopard gecko zombie (D:6)
  10 rats
  A starspawn tentacle (Spider:4)
1091 creatures vanquished.

Vanquished Creatures (others)
  Kirke (D:12)
  A frost giant (IceCv)
  3 emperor scorpions
  2 ironheart preservers
  An entropy weaver (Spider:3)
  A spark wasp (Spider:4)
  2 fire dragons
  3 merfolk impalers
  3 merfolk javelineers
  2 yaktaur captains
  An ice dragon (Lair:6)
  2 merfolk avatars
  3 merfolk aquamancers (Shoals:4)
  3 two-headed ogres
  A death knight (D:12)
  2 death yaks (Lair:5)
  2 orc high priests (Orc:2)
  A skeletal warrior (D:11)
  3 sea snakes (Shoals:4)
  A deep troll (Vaults:1)
  An orc knight (Orc:2)
  A lindwurm (Lair:6)
  10 harpies
  A deep elf mage (D:13)
  3 ugly things
  5 manticores
  A faun (Shoals:3)
  7 wolf spiders
  A cyclops (Shoals:4)
  The ghost of coffeespoons the Cleaver, a novice GrBe of Trog (D:8)
  4 orc sorcerers
  3 ice statues (IceCv)
  3 black mambas
  3 merfolk sirens (Shoals:4)
  4 torpor snails
  3 centaur skeletons
  A spiny frog (Lair:5)
  2 rime drakes (Lair:6)
  2 demonic crawlers
  A kobold demonologist (D:15)
  4 komodo dragons
  A jumping spider (shapeshifter) (Vaults:1)
  4 merfolk
  A wind drake (Shoals:4)
  A meliai (D:15)
  A queen bee (D:10)
  2 hornets
  8 polar bears
  4 jumping spiders
  2 tyrant leeches (Lair:6)
  2 blink frogs (Lair:5)
  6 slime creatures
  4 hippogriffs
  3 snapping turtles
  9 redbacks
  4 wraiths
  4 tarantellas
  A basilisk (Lair:6)
  A water elemental (Shoals:3)
  11 yaks
  A hog (D:12)
  2 vampire mosquitoes
  A warg (Orc:1)
  A water moccasin (Lair:2)
  10 orc warriors
  A swamp drake (Lair:6)
  5 ice beasts
  A black bear (D:11)
  A phantom (D:12)
  3 ogres
  3 wolves
  4 crocodiles
  A big kobold (D:12)
  A bullfrog (D:7)
  A scorpion (D:11)
  A killer bee (D:10)
  2 wights
  2 bullfrog zombies
  A jelly (D:9)
  2 orc priests
  2 orc wizards
  3 gnolls
  5 orcs
  A jackal (D:8)
  A bush (Lair:5)
  59 fungi
  61 plants
  13 starspawn tentacles
357 creatures vanquished.

Grand Total: 1448 creatures vanquished
